 Dungeon Crawl Stone Soup version 0.30-a0-219-gf2db51d15e (webtiles) character file.

Game seed: 9626626867874129526

1313003 Johnny the Conqueror (level 27, -5/224 HPs)
             Began as an Octopode Ice Elementalist on Oct 5, 2022.
             Was the Champion of Cheibriados.
             Killed by divine providence
             ... invoked by a royal mummy
              (9 damage)
             ... on level 3 of the Tomb of the Ancients on Oct 6, 2022.
             The game lasted 05:25:52 (112805 turns).

Johnny the Conqueror (Octopode Ice Elementalist)  Turns: 112805, Time: 05:25:53

Health: -5/224     AC: 14    Str: 28      XL:     27
Magic:  45/73      EV: 62    Int: 64 (69) God:    Cheibriados [******]
Gold:   7169       SH: 40    Dex: 46      Spells: 5/80 levels left

rFire   + + +      SeeInvis .    k - staff of cold
rCold   + + +      Faith    .    v - +6 tower shield of Articulation {rPois Str-2 Int+9 Dex-2}
rNeg    + + +      Spirit   .    n - +3 hat of Pondering {ponderous, Will+ MP+10 Int+5}
rPois   +          Reflect  .    A - amulet "Utufal" {Regen+ Str+3}
rElec   +          Harm     .    a - ring "Ledigg" {Fly rF++ Dex+6 Stlth-}
rCorr   +          Rampage  .    p - ring of the Mage {Wiz Archmagi}
Will    ++++.      Archmagi +    G - ring of Enienum {Int+6 Dex+4} Stlth *+++++++++
                                 Q - ring "Uschoxuuh" {rElec rN+ Will+ MP+9 Str+4}
HPRegen 2.17/turn                h - ring "Xysmyosa" {rElec AC+4 Dex+6}
MPRegen 0.43/turn                c - ring of the Salmon {rF+ rCorr Dex+4}
                                 U - ring "Paatsyre" {rPois rC+++ rN+ rCorr}
                                 W - ring of the Magpie {rN+ Int+6}

@: brilliant, about to teleport, resistant, marked, flying, studying 5 skills,
very slow
A: almost no armour, amphibious, 8 rings, camouflage 1, gelatinous body 1,
(nimble swimmer 1), tentacles, iridescent scales 3, deterioration 2, sense
surroundings 1, regeneration 1, weak 1
}: 14/15 runes: barnacled, slimy, silver, iron, obsidian, icy, bone, abyssal,
demonic, glowing, magical, fiery, dark, gossamer
a: Renounce Religion, Bend Time, Temporal Distortion, Slouch, Step From Time


You were on level 3 of the Tomb of the Ancients.
You worshipped Cheibriados.
Cheibriados was exalted by your worship.
You visited 17 branches of the dungeon, and saw 81 of its levels.
You visited Pandemonium 1 time, and saw 22 of its levels.
You visited the Abyss 2 times.
You visited 2 ziggurats (completing 1), and saw 38 of their levels.
You also visited: Trove, Ossuary, Volcano and Desolation.

You collected 45308 gold pieces.
You spent 17072 gold pieces at shops.
You paid 21067 gold pieces to Gozag.

Inventory:

Hand Weapons
 E - the +7 sceptre of Asmodeus
   (You took it off Asmodeus on level 7 of Gehenna)

   It can be evoked to summon fiery demons, with success rate depending on
   Evocations skill.
   Those summoned this way will remain friendly only for a limited time.
Armour
 n - the +3 hat of Pondering (worn) {ponderous, Will+ MP+10 Int+5}
   (You acquired it on level 10 of a ziggurat)

   Int:       It affects your intelligence (+5).
   MP:        It affects your magic capacity (+10).
   Will:      It increases your willpower.
 v - the +6 tower shield of Articulation (worn) {rPois Str-2 Int+9 Dex-2}
   (You acquired it on level 20 of a ziggurat)

   Str:       It affects your strength (-2).
   Int:       It affects your intelligence (+9).
   Dex:       It affects your dexterity (-2).
   rPois:     It protects you from poison.
Magical Staves
 k - a staff of cold (weapon)
Jewellery
 a - the ring "Ledigg" (left tentacle) {Fly rF++ Dex+6 Stlth-}
   (You found it on level 3 of the Crypt)

   [ring of dexterity]

   Dex:       It affects your dexterity (+6).
   rF:        It greatly protects you from fire.
   Fly:       It grants you flight.
   Stlth:     It makes you less stealthy.
 c - the ring of the Salmon (on tentacle) {rF+ rCorr Dex+4}
   (You found it on level 5 of the Pits of Slime)

   [ring of protection from fire]

   Dex:       It affects your dexterity (+4).
   rF:        It protects you from fire.
   rCorr:     It protects you from acid and corrosion.
 h - the ring "Xysmyosa" (on tentacle) {rElec AC+4 Dex+6}
   (You bought it in a shop on level 1 of the Elven Halls)

   [ring of protection]

   AC:        It affects your AC (+4).
   Dex:       It affects your dexterity (+6).
   rElec:     It insulates you from electricity.
 i - an amulet of magic regeneration
 p - the ring of the Mage (right tentacle) {Wiz Archmagi}
   (You took it off an ironbound preserver on level 5 of the Vaults)

   [ring of wizardry]

   It improves your spell success rate.
   Archmagi:  It increases the power of your magical spells.
 w - the amulet "Nerradie" {Reflect rF+ rC+ SH+5}
   (You took it off a vault sentinel on level 5 of the Vaults)

   [amulet of reflection]

   It reflects blocked missile attacks.
   rF:        It protects you from fire.
   rC:        It protects you from cold.
   SH:        It affects your SH (+5).
 z - the amulet "Deunehut" {Faith Harm rElec rC+ Slay-4}
   (You found it on level 7 of a ziggurat)

   [amulet of faith]

   It allows you to gain divine favour quickly.
   Slay:      It affects your accuracy & damage with ranged weapons and melee
   (-4).
   rC:        It protects you from cold.
   rElec:     It insulates you from electricity.
   Harm:      It increases damage dealt and taken.
 A - the amulet "Utufal" (around mantle) {Regen+ Str+3}
   (You took it off an efreet in Pandemonium)

   [amulet of regeneration]

   Str:       It affects your strength (+3).
   Regen:     It increases your rate of health regeneration.
 B - the ring of Due Proportion {Contam Will+ rCorr Str+3 Int+2 Dex+2}
   (You found it in Pandemonium)

   [ring of willpower]

   Str:       It affects your strength (+3).
   Int:       It affects your intelligence (+2).
   Dex:       It affects your dexterity (+2).
   Contam:    It causes magical contamination when unequipped.
   rCorr:     It protects you from acid and corrosion.
   Will:      It increases your willpower.
 F - the amulet of the Four Winds {rN+ Will+++ Clar}
   (You found it on level 26 of a ziggurat)

   [amulet of nothing]

   rN:        It protects you from negative energy.
   Clar:      It protects you against confusion.
   Will:      It greatly increases your willpower.
 G - the ring of Enienum (on tentacle) {Int+6 Dex+4}
   (You took it off an orc wizard on level 9 of the Dungeon)

   [ring of intelligence]

   Int:       It affects your intelligence (+6).
   Dex:       It affects your dexterity (+4).
 H - a ring of the Octopus King {Fly HP+2 AC+2 EV+2 SH+2}
   (You found it in the Desolation of Salt)

   [ring of flight]

   AC:        It affects your AC (+2).
   EV:        It affects your evasion (+2).
   HP:        It affects your health (+2).
   Fly:       It grants you flight.
   SH:        It affects your SH (+2).
 K - the ring of Viufetye {+Blink MP+9 Str+3 Slay+2}
   (You found it on level 18 of a ziggurat)

   [ring of magical power]

   Str:       It affects your strength (+3).
   Slay:      It affects your accuracy & damage with ranged weapons and melee
   (+2).
   MP:        It affects your magic capacity (+9).
   +Blink:    It lets you blink.
 O - the ring "Rakuigid" {Ice rElec rPois}
   (You took it off an ironbound preserver on level 5 of the Vaults)

   [ring of ice]

   It enhances your ice magic.
   rF:        It makes you vulnerable to fire.
   rC:        It protects you from cold.
   rElec:     It insulates you from electricity.
   rPois:     It protects you from poison.
 Q - the ring "Uschoxuuh" (on tentacle) {rElec rN+ Will+ MP+9 Str+4}
   (You bought it in a shop on level 5 of the Dungeon)

   [ring of positive energy]

   Str:       It affects your strength (+4).
   rElec:     It insulates you from electricity.
   rN:        It protects you from negative energy.
   MP:        It affects your magic capacity (+9).
   Will:      It increases your willpower.
 U - the ring "Paatsyre" (on tentacle) {rPois rC+++ rN+ rCorr}
   (You found it on level 23 of a ziggurat)

   [ring of poison resistance]

   rC:        It renders you almost immune to cold.
   rPois:     It protects you from poison.
   rN:        It protects you from negative energy.
   rCorr:     It protects you from acid and corrosion.
 W - the ring of the Magpie (on tentacle) {rN+ Int+6}
   (You took it off a deep elf annihilator on level 3 of the Elven Halls)

   [ring of positive energy]

   Int:       It affects your intelligence (+6).
   rN:        It protects you from negative energy.
 X - the ring of Esol {Will+ Int+5 Stlth+}
   (You found it in the Desolation of Salt)

   [ring of willpower]

   Int:       It affects your intelligence (+5).
   Will:      It increases your willpower.
   Stlth:     It makes you more stealthy.
 Y - the amulet of the Air {Inacc Air Fly rElec RMsl}
   (You found it on level 12 of a ziggurat)

   [amulet of nothing]

   It reduces the accuracy of all your attacks.
   It enhances your air magic.
   rElec:     It insulates you from electricity.
   Fly:       It grants you flight.
   RMsl:      It protects you from missiles.
Scrolls
 d - 13 scrolls of butterflies
 r - 20 scrolls of vulnerability
 u - 7 scrolls of magic mapping
 C - 14 scrolls of immolation
 L - 9 scrolls of poison
 N - 9 scrolls of enchant armour
 R - 6 scrolls of fear
Potions
 b - 9 potions of resistance
 e - 22 potions of curing
 j - 10 potions of cancellation
 m - 19 potions of lignification
 t - 8 potions of brilliance
 x - 7 potions of flight
 I - 25 potions of mutation
 J - 6 potions of might
 P - 7 potions of berserk rage
 T - 6 potions of ambrosia
 V - 14 potions of haste
Miscellaneous
 l - a phantom mirror
 q - a box of beasts
 s - a tin of tremorstones (2/2)
 M - a lightning rod (4/4)
 S - a condenser vane
 Z - a phial of floods


   Skills:
 O Level 27 Fighting
 O Level 27 Dodging
 O Level 27 Stealth
 O Level 27 Shields
 O Level 27 Spellcasting
 + Level 24.5 Conjurations
 O Level 27 Ice Magic
 - Level 7.3 Air Magic
 + Level 17.4 Earth Magic
 + Level 24.9 Invocations
 - Level 20.2 Evocations


You had 5 spell levels left.
You knew the following spells:

 Your Spells              Type           Power      Damage    Failure   Level
a - Freeze                Ice            100%       1d11      0%          1
b - Frozen Ramparts       Ice            100%       1d16      0%          3
c - Ozocubu's Armour      Ice            100%       N/A       0%          3
d - Hailstorm             Conj/Ice       100%       3d20      0%          3
e - Ozocubu's Refrigerat  Ice            100%       4d29      0%          7
f - Freezing Cloud        Conj/Ice/Air   100%       6-21      0%          5
g - Lee's Rapid Deconstr  Erth           97%        3d44*     0%          5
h - Shatter               Erth           97%        3d70*     1%          9
i - Metabolic Englaciati  Hex/Ice        100%       N/A       0%          5
j - Polar Vortex          Ice            100%       N/A       1%          9
k - Apportation           Tloc           100%       N/A       1%          1
l - Blink                 Tloc           100%       N/A       1%          2
m - Iron Shot             Conj/Erth      100%       9d18      0%          6
n - Maxwell's Capacitive  Air            79%        ∞         9%          8
o - Lehudib's Crystal Sp  Conj/Erth      100%       10d22     1%          8

Your spell library contained the following spells:

 Spells                   Type           Power      Damage    Failure   Level
 Foxfire                  Conj/Fire      100%       2x1d9     0%          1
 Kiss of Death            Conj/Necr      100%       2d13      0%          1
 Magic Dart               Conj           100%       1d8       0%          1
 Sandblast                Erth           100%       2d20      0%          1
 Shock                    Conj/Air       100%       1d9       0%          1
 Ensorcelled Hibernation  Hex/Ice        100%       N/A       0%          2
 Momentum Strike          Conj/Tloc      100%       3d10      0%          2
 Passwall                 Tmut/Erth      100%       N/A       0%          2
 Poisonous Vapours        Pois/Air       100%       N/A       0%          2
 Searing Ray              Conj           100%       2d8       0%          2
 Static Discharge         Conj/Air       100%       2-7/arc   0%          2
 Dazzling Flash           Conj/Hex       100%       N/A       0%          3
 Mephitic Cloud           Conj/Pois/Air  100%       N/A       0%          3
 Stone Arrow              Conj/Erth      100%       3d13      0%          3
 Swiftness                Air            100%       N/A       0%          3
 Flame Wave               Conj/Fire      100%       2d21      0%          4
 Fulminant Prism          Conj/Hex       89%        3d35      0%          4
 Ice Form                 Ice/Tmut       100%       N/A       0%          4
 Iskenderun's Mystic Bla  Conj/Tloc      100%       2d19      0%          4
 Leda's Liquefaction      Hex/Erth       82%        N/A       0%          4
 Petrify                  Tmut/Erth      100%       N/A       0%          4
 Sticky Flame             Conj/Fire      100%       2d11      0%          4
 Summon Ice Beast         Ice/Summ       100%       N/A       0%          4
 Arcjolt                  Conj/Air       95%        1d105     0%          5
 Fireball                 Conj/Fire      89%        3d33      0%          5
 Irradiate                Conj/Tmut      89%        3d41      0%          5
 Iskenderun's Battlesphe  Conj           100%       2d15      0%          5
 Lightning Bolt           Conj/Air       95%        1d125     0%          5
 Necrotise                Necr           100%       1d9       1%          1
 Slow                     Hex            100%       N/A       1%          1
 Sting                    Tmut/Pois      100%       1d8       1%          1
 Summon Small Mammal      Summ           100%       N/A       1%          1
 Cigotuvi's Dreadful Rot  Necr/Pois/Air  100%       N/A       1%          2
 Scorch                   Fire           100%       2d10      1%          2
 Sublimation of Blood     Necr           100%       N/A       1%          2
 Wereblood                Tmut           100%       N/A       1%          2
 Call Canine Familiar     Summ           100%       N/A       1%          3
 Confusing Touch          Hex            100%       N/A       1%          3
 Gell's Gravitas          Tloc           100%       N/A       1%          3
 Ignite Poison            Fire/Tmut/Pois 100%       N/A       1%          3
 Inner Flame              Hex/Fire       100%       N/A       1%          3
 Kindle Blastsparks       Fire/Tloc/Air  100%       2d18      1%          3
 Lesser Beckoning         Tloc           100%       N/A       1%          3
 Portal Projectile        Hex/Tloc       100%       N/A       1%          3
 Spider Form              Tmut/Pois      100%       N/A       1%          3
 Summon Guardian Golem    Hex/Summ       100%       N/A       1%          3
 Teleport Other           Tloc           100%       N/A       1%          3
 Tukima's Dance           Hex            100%       N/A       1%          3
 Vampiric Draining        Necr           100%       2d13      1%          3
 Vhi's Electric Charge    Tloc/Air       100%       N/A       1%          3
 Airstrike                Air            79%        2d(12-28) 1%          4
 Anguish                  Hex/Necr       57%        N/A       1%          4
 Animate Dead             Necr           100%       N/A       1%          4
 Cause Fear               Hex            57%        N/A       1%          4
 Dispel Undead            Necr           100%       3d31      1%          4
 Manifold Assault         Tloc           100%       N/A       1%          4
 Passage of Golubria      Tloc           100%       N/A       1%          4
 Summon Lightning Spire   Summ/Air       100%       N/A       1%          4
 Agony                    Necr           100%       N/A       1%          5
 Alistair's Intoxication  Tmut/Pois      76%        N/A       1%          5
 Blade Hands              Tmut           57%        N/A       1%          5
 Borgnjor's Vile Clutch   Necr/Erth      82%        N/A       1%          5
 Silence                  Hex/Air        70%        N/A       1%          5
 Summon Forest            Summ/Tloc      57%        N/A       1%          5
 Summon Mana Viper        Hex/Summ       100%       N/A       1%          5
 Yara's Violent Unravell  Hex/Tmut       57%        3d22      1%          5
 Conjure Ball Lightning   Conj/Air       95%        3x3d36    0%          6
 Orb of Destruction       Conj           100%       9d21      0%          7
 Simulacrum               Ice/Necr       100%       N/A       1%          6
 Starburst                Conj/Fire      89%        6d22      1%          6
 Statue Form              Tmut/Erth      100%       N/A       1%          6
 Spellforged Servitor     Conj/Summ      89%        N/A       1%          7
 Death Channel            Necr           57%        N/A       3%          6
 Dispersal                Tloc           57%        N/A       3%          6
 Eringya's Noxious Bog    Tmut/Pois      57%        N/A       3%          6
 Chain Lightning          Conj/Air       95%        3d126     3%          9
 Storm Form               Tmut/Air       70%        N/A       4%          7
 Fire Storm               Conj/Fire      89%        8d22      16%         9
 Dragon Form              Tmut           57%        N/A       21%         7
 Enfeeble                 Hex            57%        N/A       21%         7
 Haunt                    Necr/Summ      57%        N/A       21%         7
 Monstrous Menagerie      Summ           57%        N/A       21%         7
 Summon Hydra             Summ           57%        N/A       21%         7
 Borgnjor's Revivificati  Necr           57%        N/A       80%         8
 Discord                  Hex            57%        N/A       80%         8
 Disjunction              Tloc           57%        N/A       80%         8
 Ignition                 Fire           57%        3d16      80%         8
 Infestation              Necr           57%        N/A       80%         8
 Necromutation            Tmut/Necr      57%        N/A       80%         8
 Death's Door             Necr           57%        N/A       100%        9
 Dragon's Call            Summ           57%        N/A       100%        9
 Animate Armour           Summ/Erth      Unusable   N/A       N/A         4

Dungeon Overview and Level Annotations

Branches:
Dungeon (15/15)            Temple (1/1) D:7            Lair (5/5) D:10
 Shoals (4/4) Lair:3       Spider (4/4) Lair:3        Slime (5/5) Lair:4
    Orc (2/2) D:10            Elf (3/3) Orc:2        Vaults (5/5) D:14
  Crypt (3/3) Vaults:3       Tomb (3/3) Crypt:3      Depths (4/4) D:15
   Hell (visited)             Dis (7/7) Hell            Geh (7/7) Hell
    Coc (7/7) Hell            Tar (7/7) Hell            Zot (0/5) Depths:4
Ossuary (visited)         Volcano (visited)         Desolation (visited)

Altars:
Ashenzari
Cheibriados
Dithmenos
Elyvilon
Fedhas
Gozag
Hepliaklqana
Kikubaaqudgha
Makhleb
Nemelex Xobeh
Okawaru
Qazlal
Ru
Sif Muna
Trog
Uskayaw
Vehumet
Wu Jian
Xom
Yredelemnul
Zin
The Shining One
Jiyva
Lugonu

Shops:
D:5 =(??:   D:10 (   D:14 :   D:15 !*[(?   Orc:1 :   Orc:2 (**[   Elf:1 :=
Lair:2 :   Lair:5 !   Shoals:2 ::   Vaults:2 !   Vaults:5 *??   Depths:1 [
Depths:2 ![*=*[!   Depths:3 [

Portals:
Hell: Depths:1 Depths:2 Depths:3 Depths:4
Abyss: Lair:5 Depths:3
Pandemonium: Depths:2

Annotations:
D:4 3 runed translucent doors, Johnny's ghost, amateur OpIE; kirsanium's ghost, novice MfGl
Elf:2 3 runed translucent doors
Depths:4 Josephina


Innate Abilities, Weirdness & Mutations

You cannot wear most types of armour.
You are amphibious.
You can wear up to eight rings at the same time.
Your skin changes colour to match your surroundings (Stealth+).
Your rubbery body absorbs attacks. (AC +1, EV +1)
((You are camouflaged when in or above water. (Stealth+)))
You have tentacles for arms and can constrict up to eight enemies at once.
You are completely covered in iridescent scales. (AC +6)
Your body often deteriorates upon taking damage.
You passively map a small area around you.
Your natural rate of healing is unusually fast.
You are weak. (Str -2)


Message History

The ushabti shakes and rattles.
The vile air hits you.
* * * LOW HITPOINT WARNING * * *
The vile air hits the royal mummy.
As you read the scroll of teleportation, it crumbles to dust.
You feel strangely unstable.
You are engulfed in dark miasma.
You are poisoned.
* * * LOW HITPOINT WARNING * * *
You feel very sick.
The royal mummy casts a spell.
Send 'em back where they came from!
Your butterfly disappears in a burst of colours!
Your butterfly shudders.
You block the mummy priest's attack.
The ushabti shakes and rattles deafeningly!
You feel better.
You are engulfed in dark miasma.
* * * LOW HITPOINT WARNING * * *
Your butterfly disappears in a burst of colours!
The royal mummy mumbles some strange words. x2
You block the ushabti's attack.
A guardian mummy comes into view.
You feel better.
You are engulfed in dark miasma.
* * * LOW HITPOINT WARNING * * *
You block the death scarab's attack. x3
The royal mummy gestures at you while chanting.
Something smites you!
* * * LOW HITPOINT WARNING * * *
The royal mummy hits you.
* * * LOW HITPOINT WARNING * * *
The mummy priest completely misses you. The ushabti completely misses you.
A mummy comes into view.
The death scarab completely misses you.
You feel better.
You are engulfed in dark miasma.
* * * LOW HITPOINT WARNING * * *
You block the death scarab's attack. The death scarab completely misses you.
You block the death scarab's attack. The death scarab completely misses you.
You block the death scarab's attack.
The royal mummy gestures at you while chanting.
Something smites you!
You die...

* , , , * , * , , , ,, ,
, , , , , ,
###############
M...9............... ,
M...°M............§. ..^
.....MBM..............^.
#.BB@M...........#... ,
*#..B9M°.Mb/....§..... *
, ##..BM.°..........).9
, ,##.....^.....§##..§b
<##M......^§.##<.b§s ,
,,.##..bb)[...bbb.b☼. *
, ..#......)#.§b..☼bb ,
.........)..§§..☼.. ,
......)..§§^....bbb


You could see 2 royal mummies, a mummy priest, 3 guardian mummies, 2 ushabtiu, 5
death scarabs and 4 mummies.

Vanquished Creatures
  Cerebov (Pan)
  Asmodeus (Geh:7)
  Antaeus (Coc:7)
  the Royal Jelly (Slime:5)
  Ereshkigal (Tar:7)
  the Serpent of Hell (Geh:7)
  Mnoleg (Pan)
  Gloorx Vloq (Pan)
  Lom Lobon (Pan)
  Dispater (Dis:7)
  2 dread liches
  4 ancient liches
  Mennas (Tomb:2)
  15 juggernauts
  25 royal mummies
  11 shard shrikes
  Margery (Vaults:5)
  14 Killer Klowns
  7 caustic shrikes
  Geryon (Hell)
  7 golden dragons
  22 profane servitors
  16 bone dragons
  16 Tzitzimimeh
  14 iron giants
  A spectral shard shrike (Tar:5)
  22 Brimstone Fiends
  13 tentacled monstrosities
  12 hellephants
  7 doom hounds
  26 Hell Sentinels
  22 pandemonium lords
  17 Ice Fiends
  21 tainted leviathans
  2 walking earthen tomes (Depths:3)
  2 deep elf master archers (Zig:13)
  28 searing wretches
  37 acid blobs
  Gastronok (Lair:1)
  A walking divine tome (Depths:3)
  5 liches
  A walking frostbound tome (Depths:3)
  The ghost of Ugosih the Severer, an adept MiFi of the Shining One (Depths:3)
  8 quicksilver dragons
  6 krakens
  15 titans
  20 ancient champions
  2 deep elf blademasters (Elf:3)
  2 eldritch tentacles
  A thorn hunter (Zig:22)
  16 Executioners (Pan)
  A sphinx (shapeshifter) (Vaults:5)
  13 tentacled starspawn
  7 sphinxes
  2 storm dragons
  13 tengu reavers
  17 rockslimes
  42 azure jellies
  11 revenants
  4 draconian knights
  5 shadow dragons
  2 fire giants (shapeshifter) (Zig:9)
  An azure jelly (shapeshifter) (Zig:26)
  A fenstrider witch (Zig:24)
  26 narguns
  3 draconian monks
  63 nagarajas
  8 iron dragons
  11 demonspawn warmongers (Pan)
  2 draconian shifters (Abyss:4)
  10 deep elf sorcerers
  26 fire giants
  10 emperor scorpions
  11 quicksilver elementals
  17 ghost moths
  29 frost giants
  An imperial myrmidon (Desolation)
  4 spectral juggernauts
  13 vault wardens
  A frost giant (shapeshifter) (Zig:26)
  24 cacodemons
  A juggernaut zombie (Crypt:2)
  2 draconian scorchers (Zig:15)
  37 balrugs
  5 curse skulls
  4 ghouls
  5 deep elf elementalists (Elf:3)
  20 ironbound preservers
  9 shard shrike simulacra
  3 broodmothers
  A spectral caustic shrike (Tar:7)
  3 draconian stormcallers (Zig:15)
  12 orc warlords
  A spriggan defender (Depths:2)
  11 demonspawn blood saints (Pan)
  29 very ugly things
  5 draconian annihilators
  14 demonspawn corrupters (Pan)
  A quicksilver ooze (shapeshifter) (Vaults:5)
  An ophan (Abyss:2)
  20 quicksilver oozes
  16 reapers
  A caustic shrike skeleton (Crypt:2)
  15 elemental wellsprings
  10 ironbound thunderhulks
  27 putrid mouths
  20 war gargoyles
  4 bennus
  12 vampire knights
  5 eleionomae
  18 stone giants
  18 demonspawn black suns
  3 spectral titans
  An eleionoma (shapeshifter) (Zig:26)
  A green draconian (Zig:15)
  22 lorocyprocas
  17 wendigos
  6 deep elf annihilators
  4 purple draconians (Zig:15)
  8 deep elf demonologists
  6 spark wasps
  A halazid warlock (Desolation)
  19 dire elephants
  4 red draconians
  2 white draconians (Zig:15)
  6 yellow draconians
  2 black draconians
  A spark wasp (shapeshifter) (Depths:3)
  A bunyip (Zig:10)
  9 eidola
  16 iron golems
  36 green deaths
  16 merfolk impalers
  24 blizzard demons
  9 fire dragons
  The ghost of crabbyslav the Purveyor of Pain, a journeyman DsNe of Kikubaaqudgha (Lair:2)
  A spectral golden dragon (Tar:7)
  18 ettins
  12 merfolk javelineers
  Snorg (D:12)
  15 mummy priests
  10 deep elf death magi
  A spectral quicksilver dragon (Tar:7)
  17 yaktaur captains
  2 spectral spriggans
  The ghost of Pingasnik the Severer, a journeyman MiFi of Okawaru (Lair:2)
  A spectral iron giant (Tar:5)
  19 jiangshi
  7 deep elf high priests
  A spectral kraken (Tar:7)
  11 ice dragons
  3 shambling mangroves
  14 entropy weavers
  5 ragged hierophants (Desolation)
  2 spriggan zombies
  62 salamander tyrants
  4 servants of whispers (Desolation)
  3 rakshasas
  16 great orbs of eyes
  3 spriggan air magi
  4 jorogumos
  3 peacekeepers
  41 vault guards
  27 hydras
  2 hell beasts
  A quicksilver dragon skeleton (Crypt:1)
  An ogre mage (Volcano)
  3 stokers (Geh:7)
  8 caustic shrike simulacra
  9 ironbound frosthearts
  5 radroaches
  A jorogumo (shapeshifter) (Zig:9)
  7 centaur warriors
  19 anacondas
  A ghost crab (Zig:4)
  8 merfolk avatars
  3 catoblepae (Zig:21)
  10 juggernaut simulacra
  4 alligator snapping turtles
  13 boulder beetles
  3 spriggan skeletons
  Erica (Lair:1)
  2 spectral stone giants (Tar:1)
  9 merfolk aquamancers
  10 tengu warriors
  3 deep troll earth magi
  9 two-headed ogres
  2 death knights (Crypt:3)
  A spectral frost giant (Zig:5)
  A two-headed ogre (shapeshifter) (Lair:5)
  The ghost of flestrin the Destroyer, a journeyman TeFE of Hepliaklqana (D:11)
  64 death scarabs
  A spectral fire giant (Zig:5)
  2 satyrs
  A deep troll shaman (Depths:2)
  29 hell hogs
  25 naga warriors
  7 thrashing horrors
  3 alligators (Zig:24)
  19 dancing weapons
  15 orc high priests
  A spectral dire elephant (Tar:1)
  A spriggan berserker (Depths:3)
  8 crystal echidnas (Dis:7)
  12 deep elf knights
  10 vampire magi
  12 death yaks
  13 naga sharpshooters
  10 hell knights
  22 soul eaters
  16 shock serpents
  4 salamander mystics
  8 iron trolls
  84 sun demons
  A sun moth (Zig:4)
  16 shadow wraiths
  A titan skeleton (Pan)
  25 skeletal warriors
  2 spatial maelstroms
  7 wretched stars
  A bunyip zombie (Crypt:1)
  2 goliath frogs (Zig:24)
  10 pharaoh ants
  A spectral anaconda (Tar:5)
  31 sixfirhies
  A spectral iron dragon (Tar:1)
  A steelbarb worm (shapeshifter) (Lair:5)
  3 anaconda zombies (Hell)
  8 death drakes (Zig:24)
  56 deep trolls
  21 sea snakes
  3 spriggan druids
  2 quicksilver dragon simulacra
  14 shadow demons
  2 obsidian statues
  15 wizards
  9 flayed ghosts
  3 spriggan simulacra
  A cherub (Pan)
  14 swamp dragons
  19 orb spiders
  3 bog bodies
  A glowing orange brain (shapeshifter) (Zig:11)
  19 ironbound convokers
  3 glowing orange brains
  7 starcursed masses
  16 naga ritualists
  2 orange crystal statues (Zig:21)
  An anaconda skeleton (Hell)
  11 lindwurms
  18 deep elf archers
  39 deep elf pyromancers
  11 steelbarb worms
  15 phantasmal warriors
  15 harpies
  33 wolf spiders
  10 necromancers
  48 ugly things
  21 deep elf zephyrmancers
  A stone giant zombie (Tomb:2)
  15 shining eyes
  2 salamanders (shapeshifter)
  4 worldbinders
  A tengu skeleton (Vaults:3)
  12 orc sorcerers
  14 orc knights
  3 will-o-the-wisps
  16 manticores
  A shadow dragon skeleton (Abyss:2)
  10 mana vipers
  A sphinx zombie (Vaults:3)
  5 salamanders
  An oklob plant (Lair:4)
  A spectral alligator snapping turtle (Tar:1)
  3 spectral centaurs
  A cyclops (shapeshifter) (Vaults:5)
  A moth of wrath (shapeshifter) (Zig:26)
  11 cyclopes
  13 fauns
  68 black mambas
  11 moths of wrath
  3 centaur zombies
  17 vault sentinels
  A dire elephant zombie (Crypt:2)
  12 elephants
  A jorogumo skeleton (Crypt:1)
  25 guardian serpents
  A stone giant skeleton (Pan)
  6 water nymphs
  6 apocalypse crabs
  73 smoke demons
  6 ice statues
  7 molten gargoyles
  8 merfolk sirens
  36 naga magi
  6 titan simulacra
  A torpor snail (shapeshifter) (Vaults:5)
  14 torpor snails
  A dire elephant skeleton (Crypt:2)
  7 rust devils
  23 cane toads
  8 eyes of devastation
  25 hellions
  2 unseen horrors (shapeshifter)
  2 gargoyles
  38 orange demons
  A minotaur zombie (Crypt:2)
  3 unseen horrors
  22 demonic crawlers
  5 spectral swamp worms (Tar:7)
  A naga skeleton (Abyss:3)
  6 ice devils
  2 rime drakes (Zig:21)
  A kobold demonologist (D:13)
  11 efreet
  2 tengu conjurers
  3 anaconda simulacra
  2 spectral nagas
  9 komodo dragons
  15 freezing wraiths
  23 hellwings (Pan)
  2 hydra zombies (Hell)
  36 tormentors
  53 yaktaurs
  An iron giant simulacrum (Coc:7)
  A death yak skeleton (Crypt:1)
  7 ancient zymes
  A queen bee (D:14)
  3 spectral harpies
  A yaktaur skeleton (Vaults:3)
  39 guardian mummies
  A wind drake (shapeshifter) (Vaults:5)
  19 meliai
  A queen bee (shapeshifter) (Vaults:5)
  A red draconian skeleton (Crypt:1)
  3 wind drakes (Shoals:1)
  5 red devils
  A harpy zombie (Crypt:2)
  58 merfolk
  14 trolls
  34 tarantellas
  A hornet (shapeshifter) (D:14)
  5 polar bears
  27 saltlings (Desolation)
  A shadow dragon simulacrum (Coc:1)
  A hydra skeleton (Hell)
  2 tyrant leeches
  An alligator zombie (Hell)
  A stone giant simulacrum (Coc:1)
  17 hornets
  42 blink frogs
  2 ettin zombies
  A moth of wrath zombie (Crypt:2)
  63 large abominations
  92 slime creatures
  2 raiju (Zig:16)
  A harpy skeleton (Tomb:3)
  A slime creature (shapeshifter) (Depths:2)
  8 dream sheep
  4 snapping turtles
  2 centaur simulacra
  6 shadows
  Sigmund (D:5)
  A frost giant simulacrum (Vaults:3)
  43 jumping spiders
  30 culicivoras
  2 air elementals
  81 flying skulls
  2 spriggans
  20 water elementals
  An ettin skeleton (Pan)
  A guardian serpent skeleton (Crypt:1)
  11 wraiths
  A vampire (Abyss:4)
  3 wyverns
  2 fire bats (Pan)
  40 ynoxinuls
  An alligator snapping turtle simulacrum (Coc:3)
  5 basilisks
  7 ushabtiu
  A dire elephant simulacrum (Crypt:3)
  A naga simulacrum (Coc:7)
  40 neqoxecs
  55 yaks
  11 golden eyes
  8 fire elementals
  A human (shapeshifter) (Vaults:4)
  20 small abominations
  4 steam dragons
  74 redbacks
  13 vampire mosquitoes
  42 chaos spawn
  Menkaure (D:4)
  A swamp worm (D:9)
  15 harpy simulacra
  A naga zombie (Tomb:2)
  12 wargs
  An acid dragon (D:12)
  A fire bat zombie (Crypt:1)
  8 nagas
  A water nymph zombie (Crypt:1)
  5 spatial vortices (Abyss:4)
  23 water moccasins
  6 hell hounds
  3 hydra simulacra
  5 floating eyes
  A glowing shapeshifter skeleton (Vaults:3)
  4 black bears
  75 orc warriors
  3 ettin simulacra
  3 ice beasts
  12 ogres
  A black mamba simulacrum (Crypt:3)
  18 boggarts
  15 centaurs
  3 wolves
  A phantom (D:4)
  A kobold brigand (D:9)
  11 bullfrogs
  2 elf zombies
  5 necrophages
  3 earth elementals
  4 gnoll sergeants
  5 scorpions
  A glowing shapeshifter simulacrum (Vaults:3)
  43 killer bees
  3 electric eels
  5 howler monkeys
  6 lava snakes (Volcano)
  A crimson imp (Pan)
  2 quasits (Abyss:2)
  2 hounds (D:6)
  2 human zombies (Ossuary)
  30 jellies
  21 orc priests
  A gnoll bouda (Orc:2)
  An iron imp (Abyss:2)
  Jessica (D:2)
  22 orc wizards
  12 hell rats
  4 iguanas
  60 mummies
  21 gnolls
  A howler monkey skeleton (Crypt:1)
  11 adders
  A shadow imp (D:7)
  3 white imps
  3 ufetubi
  2 adder zombies (Ossuary)
  2 worms (D:10)
  4 dart slugs
  91 orcs
  15 endoplasms
  2 giant cockroaches
  8 goblins
  9 hobgoblins
  4 jackals
  12 kobolds
  4 quokkas
  7 ball pythons
  4 bats
  A frilled lizard (D:1)
  A frilled lizard skeleton (Crypt:1)
  6 goblin zombies
  8 hobgoblin zombies
  A jackal zombie (Ossuary)
  6 kobold zombies (Ossuary)
  11 orc zombies (Ossuary)
  15 rats
  2 rat zombies (Ossuary)
  4 ball lightnings (Pan)
  A bush (Depths:4)
  4 creeping infernos (Geh:7)
  15 fire vortices
  5 starspawn tentacles
  13 tentacles
5205 creatures vanquished.

Vanquished Creatures (collateral kills)
  Frederick (Vaults:5)
  A golden dragon (Vaults:5)
  A tainted leviathan (Tar:6)
  A quicksilver dragon (Zig:25)
  A frost giant (Vaults:4)
  A quicksilver ooze (shapeshifter) (Vaults:5)
  3 very ugly things
  A stone giant (Vaults:5)
  The ghost of Cife the Cleaver, a journeyman HOFi of Beogh (D:13)
  A yaktaur captain (Vaults:5)
  An ironbound frostheart (Vaults:4)
  5 death yaks (D:10)
  A thrashing horror (Lair:5)
  A harpy (Vaults:5)
  3 ugly things (Lair:5)
  An ironbound convoker (Vaults:5)
  2 vault sentinels
  A torpor snail (shapeshifter) (Vaults:4)
  An ancient zyme (Lair:5)
28 creatures vanquished.

Vanquished Creatures (others)
  A deep elf master archer (Zig:13)
  An eldritch tentacle (Pan)
  A fire giant (Depths:4)
  A shard shrike simulacrum (Coc:7)
  A wendigo (Coc:7)
  A caustic shrike simulacrum (Coc:7)
  2 juggernaut simulacra (Coc:7)
  2 deep elf knights (Elf:3)
  A wizard (Pan)
  A phantasmal warrior (Vaults:5)
  A spriggan simulacrum (Coc:7)
  A titan simulacrum (Coc:7)
  An iron giant simulacrum (Coc:7)
  2 hellwings (Pan)
  A stone giant simulacrum (Coc:7)
  A ynoxinul (Pan)
  2 naga simulacra
  A harpy simulacrum (Coc:2)
  An orc wizard (Orc:2)
  2 ball lightnings (Pan)
  2 bushes (Depths:4)
  8 foxfires
  38 fungi
  172 plants
  14 starspawn tentacles
  26 tentacles
  6 withered plants (Lair:2)
291 creatures vanquished.

Grand Total: 5524 creatures vanquished

Notes
Turn   | Place    | Note
-------+----------+-------------------------------------------
     0 | D:1      | Johnny the Octopode Ice Elementalist began the quest for
                  | the Orb.
     0 | D:1      | Reached XP level 1. HP: 11/11 MP: 3/3
   171 | D:1      | Reached XP level 2. HP: 15/18 MP: 5/5
   322 | D:1      | Reached skill level 1 in Fighting
   607 | D:1      | Reached XP level 3. HP: 22/23 MP: 6/6
  1051 | D:2      | Noticed Jessica
  1057 | D:2      | Killed Jessica
  1058 | D:2      | Reached XP level 4. HP: 20/29 MP: 3/7
  1343 | D:2      | Found a faded altar of an unknown god.
  1350 | D:2      | Found a radiant altar of Vehumet.
  1953 | D:3      | Found a glowing silver altar of Zin.
  2090 | D:3      | Reached XP level 5. HP: 32/35 MP: 8/8
  2622 | D:4      | Noticed Menkaure
  2757 | D:3      | Learned a level 3 spell: Frozen Ramparts
  2761 | D:3      | Learned a level 3 spell: Ozocubu's Armour
  2848 | D:4      | Killed Menkaure
  2849 | D:4      | Reached XP level 6. HP: 19/42 MP: 6/10
  2925 | D:4      | Found an ancient bone altar of Kikubaaqudgha.
  2995 | D:4      | Noticed a black bear
  3003 | D:4      | Killed a black bear
  3229 | D:4      | Reached XP level 7. HP: 38/47 MP: 4/11
  3320 | D:4      | Found a runed translucent gate.
  3320 | D:4      | Found a runed translucent gate.
  3321 | D:4      | Found a runed translucent gate.
  3322 | D:4      | Noticed Johnny's ghost (amateur OpIE)
  3324 | D:4      | Noticed kirsanium's ghost (novice MfGl)
  3439 | D:4      | Reached skill level 5 in Ice Magic
  3447 | D:4      | Reached skill level 5 in Stealth
  3857 | D:5      | Entered Level 5 of the Dungeon
  3857 | D:5      | Found Abro's Book Shoppe.
  3883 | D:5      | Found Orgheuc's Magic Scroll Shoppe.
  3892 | D:5      | Bought a scroll of teleportation for 36 gold pieces
  3894 | D:5      | Found Gagok's Weapon Shop.
  4158 | D:5      | Noticed Sigmund
  4181 | D:5      | Killed Sigmund
  4184 | D:5      | Found a sand-covered staircase.
  4190 | Ossuary  | Entered an ossuary
  4422 | Ossuary  | Reached XP level 8. HP: 54/54 MP: 8/13
  4542 | Ossuary  | Reached skill level 5 in Fighting
  4807 | D:5      | Found Voarol's Jewellery Shoppe.
  4815 | D:5      | Found Imufiofesou's Vocational Training.
  4834 | D:5      | Found Dumynt's Magic Scroll Emporium.
  4837 | D:5      | Bought a scroll of identify for 24 gold pieces
  4837 | D:5      | Bought a scroll of identify for 24 gold pieces
  4837 | D:5      | Bought a scroll of magic mapping for 90 gold pieces
  4837 | D:5      | Bought a scroll of identify for 24 gold pieces
  5410 | D:6      | Found a snail-covered altar of Cheibriados.
  5426 | D:6      | Found a burning altar of Makhleb.
  5766 | D:7      | Reached XP level 9. HP: 62/62 MP: 15/15
  5821 | D:7      | Found a broken altar of Ashenzari.
  5828 | D:7      | Reached skill level 5 in Dodging
  6217 | D:7      | Identified the +0 leather armour of Fiumog {+Inv rF+ rC++
                  | Stlth+}
  6384 | D:7      | Found a staircase to the Ecumenical Temple.
  6393 | D:7      | Learned a level 3 spell: Hailstorm
  6399 | Temple   | Entered the Ecumenical Temple
  6636 | Temple   | Became a worshipper of Gozag Ym Sagoz the Greedy
  7249 | D:8      | Found a radiant altar of Vehumet.
  7440 | D:8      | Reached skill level 1 in Shields
  7440 | D:8      | Reached skill level 5 in Spellcasting
  7640 | D:8      | Reached XP level 10. HP: 68/72 MP: 12/18
  7828 | D:8      | Found a blossoming altar of Fedhas.
  8050 | D:9      | Identified the amulet of Xom's Wantonness {Spirit rN+
                  | Slay+2}
  8380 | D:9      | Identified the ring of Enienum {Int+6 Dex+4}
  9474 | D:10     | Entered Level 10 of the Dungeon
  9474 | D:10     | Noticed a two-headed ogre
  9486 | D:10     | Killed a two-headed ogre
  9705 | D:10     | Found an iron altar of Okawaru.
  9723 | D:10     | Noticed a moth of wrath
  9740 | D:10     | Found a bloodstained altar of Trog.
  9821 | D:10     | Noticed a two-headed ogre
 10211 | D:11     | Noticed a cyclops
 10218 | D:11     | Killed a cyclops
 10219 | D:11     | Reached XP level 11. HP: 70/80 MP: 12/20
 10447 | D:11     | Noticed a deep elf pyromancer
 10448 | D:11     | Noticed a cyclops
 10467 | D:11     | Noticed a two-headed ogre
 10470 | D:11     | Found a transporter.
 10471 | D:11     | Noticed a cyclops
 10471 | D:11     | Noticed flestrin's ghost (journeyman TeFE)
 10543 | D:11     | Noticed a two-headed ogre
 10553 | D:11     | Killed a two-headed ogre
 10639 | D:11     | Noticed a cyclops
 10639 | D:11     | Noticed a cyclops
 10639 | D:11     | Noticed a brown ugly thing
 10735 | D:11     | Found a transporter.
 10859 | D:10     | Noticed a death yak
 10880 | D:10     | Killed a death yak
 10881 | D:10     | Reached skill level 10 in Fighting
 10885 | D:10     | Noticed a death yak
 10885 | D:10     | Noticed a death yak
 10885 | D:10     | Noticed a death yak
 10885 | D:10     | Noticed a death yak
 10910 | D:10     | Noticed a death yak
 10911 | D:10     | Noticed a death yak
 10931 | D:10     | Found a staircase to the Lair.
 10948 | Lair:1   | Entered Level 1 of the Lair of Beasts
 10952 | Lair:1   | Noticed Gastronok
 10985 | Lair:1   | Killed Gastronok
 10986 | Lair:1   | Reached skill level 5 in Shields
 11685 | Lair:1   | Reached XP level 12. HP: 89/89 MP: 16/22
 11886 | Lair:1   | Noticed Erica
 11902 | Lair:1   | Killed Erica
 12353 | D:5      | Bought the ring "Uschoxuuh" {rElec rN+ Will+ MP+9 Str+4}
                  | for 669 gold pieces
 12354 | D:5      | Bought a +4 ring of evasion for 360 gold pieces
 12371 | D:5      | Bought a scroll of teleportation for 36 gold pieces
 12371 | D:5      | Bought a scroll of teleportation for 36 gold pieces
 12371 | D:5      | Bought a scroll of summoning for 114 gold pieces
 12788 | D:12     | Noticed Snorg
 12800 | D:12     | Killed Snorg
 13732 | D:12     | Noticed a boulder beetle
 13752 | D:12     | Killed a boulder beetle
 14002 | D:13     | Got the Precepts of Incorporation
 14028 | D:13     | Noticed a tengu warrior
 14031 | D:13     | Noticed a tengu warrior
 14059 | D:13     | Killed a tengu warrior
 14060 | D:13     | Reached XP level 13. HP: 77/98 MP: 23/24
 14272 | D:13     | Found a runed translucent gate.
 14272 | D:13     | Noticed Cife's ghost (journeyman HOFi)
 14273 | D:13     | Found a runed translucent gate.
 14274 | D:13     | Found a runed translucent gate.
 14277 | D:13     | Identified the +11 chain mail of the Iron City of Dis
                  | {rElec rC- Will++ Dex+2 SInv}
 14434 | D:13     | Reached skill level 10 in Shields
 14778 | D:13     | Learned a level 4 spell: Summon Ice Beast
 14909 | D:14     | Identified the +1 robe of Generosity {rF+}
 15619 | D:14     | Noticed a vault guard
 15619 | D:14     | Noticed a vault guard
 15620 | D:14     | Found a gate to the Vaults.
 15620 | D:14     | Noticed a vault guard
 15621 | D:14     | Noticed a vault guard
 15621 | D:14     | Noticed a vault guard
 15621 | D:14     | Noticed a vault guard
 15621 | D:14     | Noticed a vault guard
 15621 | D:14     | Noticed a vault guard
 15629 | D:14     | Killed a vault guard
 15632 | D:14     | Killed a vault guard
 15633 | D:14     | Killed a vault guard
 15636 | D:14     | Killed a vault guard
 15637 | D:14     | Killed a vault guard
 15638 | D:14     | Killed a vault guard
 15641 | D:14     | Killed a vault guard
 15646 | D:14     | Killed a vault guard
 16365 | D:10     | Found a staircase to the Orcish Mines.
 16452 | D:10     | Reached XP level 14. HP: 107/107 MP: 25/25
 16530 | D:10     | Found Junt's Antique Weapon Shoppe.
 17145 | Lair:2   | Found a dark tunnel.
 17156 | Volcano  | Entered a volcano
 17417 | Volcano  | Found a burning altar of Makhleb.
 17500 | Volcano  | Noticed a red draconian
 17508 | Volcano  | Killed a red draconian
 17869 | Lair:2   | Identified the +1 chain mail "Japemois" {rPois rF- Stlth+}
 18396 | Lair:2   | Found a runed translucent gate.
 18396 | Lair:2   | Found a runed translucent gate.
 18396 | Lair:2   | Found a runed translucent gate.
 18396 | Lair:2   | Noticed crabbyslav's ghost (journeyman DsNe)
 18397 | Lair:2   | Noticed Pingasnik's ghost (journeyman MiFi)
 18672 | Lair:3   | Found a staircase to the Shoals.
 19094 | Lair:3   | Found a hole to the Spider Nest.
 20323 | Lair:4   | Found a radiant altar of Vehumet.
 20559 | Lair:4   | Found a viscous altar of Jiyva.
 20561 | Lair:4   | Found a staircase to the Slime Pits.
 20805 | Lair:5   | Entered Level 5 of the Lair of Beasts
 20852 | Lair:5   | Reached skill level 15 in Shields
 21031 | Lair:5   | Reached XP level 15. HP: 114/114 MP: 22/26
 21161 | Lair:5   | Reached skill level 15 in Fighting
 21306 | Lair:5   | Reached skill level 10 in Stealth
 21986 | Lair:5   | Bought a potion of curing for 54 gold pieces
 21986 | Lair:5   | Bought a potion of magic for 144 gold pieces
 21986 | Lair:5   | Bought a potion of curing for 54 gold pieces
 21986 | Lair:5   | Bought a potion of brilliance for 72 gold pieces
 21986 | Lair:5   | Bought a potion of might for 72 gold pieces
 21986 | Lair:5   | Bought a potion of resistance for 180 gold pieces
 23581 | Lair:5   | Found a corrupted altar of Lugonu.
 23581 | Lair:5   | Found a one-way gate to the infinite horrors of the Abyss.
 23918 | Orc:1    | Entered Level 1 of the Orcish Mines
 23922 | Orc:1    | Noticed an orc warlord
 23947 | Orc:1    | Killed an orc warlord
 24598 | Orc:2    | Entered Level 2 of the Orcish Mines
 24775 | Orc:2    | Learned a level 5 spell: Freezing Cloud
 24951 | Orc:2    | Found a staircase to the Elven Halls.
 25775 | Orc:2    | Found Rorch's Assorted Antiques.
 25775 | Orc:2    | Found Ochyb's Assorted Antiques.
 25777 | Orc:2    | Found Kuir's Weapon Shop.
 25779 | Orc:2    | Found Moid Nui's Armour Shoppe.
 25785 | Orc:2    | Bought a potion of lignification for 81 gold pieces
 25785 | Orc:2    | Bought a scroll of identify for 54 gold pieces
 25785 | Orc:2    | Bought a notched tourmaline ring for 135 gold pieces
 25785 | Orc:2    | Bought a scroll of magic mapping for 202 gold pieces
 25785 | Orc:2    | Bought a metallic emerald potion for 24 gold pieces
 25786 | Orc:2    | Bought a scroll of poison for 112 gold pieces
 25786 | Orc:2    | Bought a golden potion for 25 gold pieces
 25786 | Orc:2    | Bought a scroll of vulnerability for 112 gold pieces
 25786 | Orc:2    | Bought a scroll of blinking for 210 gold pieces
 25793 | Orc:2    | Bought a scroll of summoning for 256 gold pieces
 26753 | D:14     | Reached XP level 16. HP: 100/124 MP: 11/28
 27478 | D:15     | Entered Level 15 of the Dungeon
 27651 | D:15     | Reached skill level 10 in Ice Magic
 27727 | D:15     | Found Xyteod's Assorted Antiques.
 27732 | D:15     | Bought a scroll of identify for 76 gold pieces
 27732 | D:15     | Bought a golden potion for 34 gold pieces
 27810 | D:15     | Found Biv Ynn's Weapon Boutique.
 27818 | D:15     | Found Toninet's Antique Armour Boutique.
 27890 | D:15     | Found a stormy altar of Qazlal.
 27948 | D:15     | Found Nair's Distillery.
 28043 | D:15     | Bought a potion of heal wounds for 80 gold pieces
 28043 | D:15     | Bought a potion of flight for 48 gold pieces
 28043 | D:15     | Bought a potion of cancellation for 128 gold pieces
 28043 | D:15     | Bought a potion of curing for 48 gold pieces
 28183 | D:15     | Found Toumuixi's Magic Scroll Emporium.
 29119 | D:15     | Found a staircase to the Depths.
 29609 | Elf:1    | Entered Level 1 of the Elven Halls
 29636 | Elf:1    | Found a crumbling gateway.
 29644 | Desolati | Entered the Desolation of Salt
 29680 | Desolati | Found the ring of the Octopus King
 29710 | Desolati | Identified a ring of the Octopus King {Fly HP+2 AC+2 EV+2
                  | SH+2}
 29720 | Desolati | Identified the ring of the Falcon {Fly rC+ Str+2}
 30076 | Desolati | Identified the ring of Esol {Will+ Int+5 Stlth+}
 30094 | Desolati | Found the +8 Wrath of Trog {antimagic, *Rage Rampage}
 30571 | Desolati | Reached skill level 10 in Spellcasting
 30621 | Desolati | Got the Codex of Hindering Pestilence
 30623 | Desolati | Got the Guidebook on the Harmful Ground
 31117 | Elf:1    | Reached XP level 17. HP: 72/132 MP: 14/31
 31690 | Elf:1    | Found Falol's Jewellery Boutique.
 31756 | Abyss:2  | Cast into level 2 of the Abyss (a wizard)
 31858 | Abyss:2  | Noticed a tentacled starspawn
 31864 | Abyss:2  | Killed a tentacled starspawn
 32090 | Abyss:2  | Noticed an Executioner
 32302 | Abyss:2  | Noticed an ancient lich
 32413 | Abyss:2  | Noticed a tentacled starspawn
 32548 | Elf:1    | Escaped the Abyss
 34217 | Elf:2    | Identified the +5 chain mail "Lovum" {Drain rN+++}
 34403 | Elf:2    | Found a runed translucent gate.
 34404 | Elf:2    | Found a runed translucent gate.
 34404 | Elf:2    | Found a runed translucent gate.
 34536 | Elf:3    | Entered Level 3 of the Elven Halls
 34604 | Elf:3    | Paralysed by an air elemental for 1 turns
 35020 | Elf:3    | Identified the +7 scimitar "Afayrusy" {vorpal, Contam Fly
                  | Str+10 Int-3}
 35557 | Elf:3    | Reached XP level 18. HP: 130/141 MP: 1/34
 36299 | Elf:3    | Identified the +4 lajatang of Favvoq {spect, Dex+3 Stlth+}
 36375 | Elf:3    | Noticed a deep elf blademaster
 36383 | Elf:3    | Killed a deep elf blademaster
 36751 | Elf:3    | Identified the +8 flail of the Lesser Evil {vorpal, rPois
                  | rN+++ Will- rCorr}
 36786 | Elf:3    | Identified the +8 trident of the Vestibule of Hell {vorpal,
                  | rElec rC++}
 36798 | Elf:3    | Noticed a Brimstone Fiend
 36939 | Elf:3    | Identified the +2 buckler "Tyddag" {Str+7}
 37016 | Elf:3    | Noticed an Ice Fiend
 37065 | Elf:3    | Identified the ring of the Magpie {rN+ Int+6}
 37147 | Elf:3    | Noticed a deep elf blademaster
 37156 | Elf:3    | Killed a deep elf blademaster
 37455 | Elf:1    | Bought the ring "Xysmyosa" {rElec AC+4 Dex+6} for 1189 gold
                  | pieces
 37644 | Elf:3    | Identified the ring "Peudeaq" {*Corrode rC+ Str+5 Dex+4}
 37655 | Elf:3    | Noticed a Hell Sentinel
 37823 | Elf:3    | Identified the +0 pair of gloves of the World {Rampage
                  | rC+++ Str-2 SInv}
 38270 | Shoals:1 | Entered Level 1 of the Shoals
 38591 | Shoals:1 | Learned a level 5 spell: Lee's Rapid Deconstruction
 41285 | Shoals:2 | Reached XP level 19. HP: 133/150 MP: 18/36
 41377 | Shoals:2 | Reached skill level 15 in Ice Magic
 41609 | Shoals:2 | Found a runed translucent door.
 41915 | Shoals:2 | Identified the +3 chain mail "Xyru" {rC+}
 42423 | Shoals:2 | Found Pealueh's Self-Improvement Boutique.
 42957 | Shoals:2 | Bought Ozocubu's Autobiography for 336 gold pieces
 42966 | Shoals:2 | Learned a level 7 spell: Ozocubu's Refrigeration
 43286 | D:5      | Bought an amulet of magic regeneration for 300 gold pieces
 43471 | Spider:1 | Entered Level 1 of the Spider Nest
 46249 | Spider:3 | Reached XP level 20. HP: 158/158 MP: 28/38
 46773 | Spider:3 | Reached skill level 15 in Spellcasting
 47310 | Spider:4 | Entered Level 4 of the Spider Nest
 47406 | Spider:4 | Learned a level 5 spell: Metabolic Englaciation
 47416 | Spider:4 | Learned a level 9 spell: Polar Vortex
 49324 | Elf:1    | Bought a ring of see invisible for 285 gold pieces
 50567 | Shoals:4 | Entered Level 4 of the Shoals
 50853 | Shoals:4 | Identified the ring "Ufinel" {rPois Str+4}
 51095 | Shoals:4 | Got a barnacled rune of Zot
 51299 | Shoals:4 | Got Sif Muna's Codex of Blight and Terrain
 51575 | Shoals:4 | Reached XP level 21. HP: 159/167 MP: 36/41
 52067 | D:5      | Bought a ring of protection from fire for 250 gold pieces
 52082 | D:5      | Bought a manual of Evocations for 1120 gold pieces
 52082 | D:5      | Bought a manual of Invocations for 1120 gold pieces
 52241 | Lair:2   | Killed crabbyslav's ghost
 52243 | Lair:2   | Killed Pingasnik's ghost
 52244 | Lair:2   | Reached skill level 1 in Invocations
 52244 | Lair:2   | Reached skill level 1 in Evocations
 52425 | D:13     | Killed Cife's ghost
 52639 | D:11     | Killed flestrin's ghost
 52699 | D:11     | Identified the +2 dagger of the Hurting Enemy {flame, rF+
                  | Will+}
 52898 | D:15     | Bought a potion of heal wounds for 80 gold pieces
 52898 | D:15     | Bought a potion of resistance for 160 gold pieces
 52898 | D:15     | Bought a potion of haste for 160 gold pieces
 52898 | D:15     | Bought a potion of haste for 160 gold pieces
 53973 | Spider:4 | Reached skill level 5 in Invocations
 53973 | Spider:4 | Reached skill level 5 in Evocations
 54037 | Spider:4 | Got a gossamer rune of Zot
 54379 | Vaults:1 | Entered Level 1 of the Vaults
 54821 | Vaults:1 | Paralysed by a sphinx for 3 turns
 55711 | Vaults:1 | Found a portal to a secret trove of treasure.
 56645 | Vaults:1 | Reached skill level 10 in Evocations
 57043 | Vaults:2 | Reached skill level 10 in Invocations
 57476 | Vaults:2 | Reached XP level 22. HP: 145/174 MP: 25/43
 58574 | Vaults:2 | Found Ytykkaug's Distillery.
 58582 | Vaults:2 | Bought a potion of cancellation for 88 gold pieces
 58582 | Vaults:2 | Bought a potion of resistance for 110 gold pieces
 58582 | Vaults:2 | Bought a potion of magic for 88 gold pieces
 58582 | Vaults:2 | Bought a potion of brilliance for 44 gold pieces
 58582 | Vaults:2 | Bought a potion of heal wounds for 55 gold pieces
 58582 | Vaults:2 | Bought a potion of ambrosia for 88 gold pieces
 60019 | Vaults:3 | Identified the +2 robe "Cepheli" {Str+3 Archmagi}
 60614 | Vaults:3 | Found a staircase to the Crypt.
 60614 | Vaults:3 | Found an ancient bone altar of Kikubaaqudgha.
 60615 | Vaults:3 | Found a basalt altar of Yredelemnul.
 62301 | Vaults:4 | Reached skill level 15 in Evocations
 62303 | Vaults:4 | Reached XP level 23. HP: 180/180 MP: 26/45
 63577 | Vaults:5 | Entered Level 5 of the Vaults
 63717 | Vaults:5 | Noticed Margery
 63733 | Vaults:5 | Killed Margery
 63740 | Vaults:5 | Noticed an ancient lich
 63740 | Vaults:5 | Noticed a golden dragon
 63747 | Vaults:5 | Noticed a golden dragon
 63747 | Vaults:5 | Noticed Frederick
 63752 | Vaults:5 | Killed a golden dragon
 63762 | Vaults:5 | Killed Frederick
 63769 | Vaults:5 | Found Anytunno's Magic Scroll Emporium.
 63769 | Vaults:5 | Noticed an ancient lich
 63778 | Vaults:5 | Bought a scroll of teleportation for 51 gold pieces
 63930 | Vaults:5 | Identified the +8 arbalest of Ubinugooti {elec, Contam
                  | rN+++ Int-3 SInv}
 63980 | Vaults:5 | Identified the amulet "Nerradie" {Reflect rF+ rC+ SH+5}
 64143 | Vaults:5 | Found Vuwelil's General Store.
 64154 | Vaults:5 | Bought a scroll of blinking for 150 gold pieces
 64157 | Vaults:5 | Got a silver rune of Zot
 64378 | Vaults:5 | Identified the ring "Rakuigid" {Ice rElec rPois}
 64765 | Vaults:5 | Killed an ancient lich
 65026 | Vaults:5 | Reached XP level 24. HP: 162/191 MP: 27/45
 65033 | Vaults:5 | Killed an ancient lich
 66474 | Vaults:5 | Got Hiukemix's Vellum of Frosty Toxins
 66662 | Vaults:5 | Found Hagaw's Magic Scroll Shoppe.
 66667 | Vaults:5 | Bought a scroll of blinking for 172 gold pieces
 67007 | Vaults:5 | Bought the +10 tower shield of Ignorance {rN+ Int-4} for
                  | 1146 gold pieces
 67007 | Vaults:5 | Found the +10 tower shield of Ignorance {rN+ Int-4}
 67250 | Depths:1 | Entered Level 1 of the Depths
 67428 | Depths:1 | Found a gateway to Hell.
 67842 | Hell     | Entered the Vestibule of Hell
 67842 | Hell     | Noticed Geryon
 67849 | Hell     | Killed Geryon
 67961 | Depths:1 | Found an iron altar of Okawaru.
 68518 | Depths:2 | Found Iniz's Distillery.
 68531 | Depths:2 | Bought a potion of curing for 54 gold pieces
 68531 | Depths:2 | Bought a potion of cancellation for 144 gold pieces
 68531 | Depths:2 | Bought a potion of curing for 54 gold pieces
 68531 | Depths:2 | Bought 2 potions of brilliance for 144 gold pieces
 68531 | Depths:2 | Bought 2 potions of curing for 108 gold pieces
 68531 | Depths:2 | Bought a potion of lignification for 54 gold pieces
 68531 | Depths:2 | Bought a potion of curing for 54 gold pieces
 68531 | Depths:2 | Bought a potion of ambrosia for 144 gold pieces
 68967 | Depths:2 | Found a one-way gateway to a ziggurat.
 69199 | Depths:2 | Noticed a juggernaut
 69206 | Depths:2 | Noticed a caustic shrike
 69610 | Depths:2 | Killed a juggernaut
 69619 | Depths:2 | Reached XP level 25. HP: 193/201 MP: 24/45
 69660 | Depths:2 | Identified the +9 great sword "Coack" {vorpal, Str+2}
 70222 | Depths:3 | Found an ancient bone altar of Kikubaaqudgha.
 70389 | Depths:3 | Upgraded the game from 0.30-a0-218-gedb9141078 to
                  | 0.30-a0-219-gf2db51d15e
 70450 | Depths:3 | Noticed a juggernaut
 70459 | Depths:3 | Killed a juggernaut
 70983 | Shoals:2 | Bought a manual of Stealth for 1200 gold pieces
 71235 | D:14     | Bought a manual of Evocations for 1200 gold pieces
 71471 | D:5      | Bought a scroll of teleportation for 36 gold pieces
 71471 | D:5      | Bought a scroll of blinking for 90 gold pieces
 71471 | D:5      | Bought a scroll of teleportation for 36 gold pieces
 71471 | D:5      | Bought a scroll of teleportation for 36 gold pieces
 71471 | D:5      | Bought a scroll of vulnerability for 48 gold pieces
 71771 | Elf:1    | Bought a ring of resist corrosion for 380 gold pieces
 72051 | Slime:1  | Entered Level 1 of the Pits of Slime
 72074 | Slime:1  | You are sucked into a shaft and drop 1 floor!
 73336 | Slime:2  | Reached skill level 15 in Stealth
 74787 | Slime:4  | Found a viscous altar of Jiyva.
 75009 | Slime:5  | Entered Level 5 of the Pits of Slime
 75355 | Slime:5  | Noticed the Royal Jelly
 75362 | Slime:5  | Killed the Royal Jelly
 75470 | Slime:5  | Gained mutation: You are vulnerable to cold. (rC-) [a
                  | shining eye]
 75496 | Slime:5  | Found the +8 lance "Wyrmbane" {slay drac, rPois rF+ rC+
                  | AC+3}
 75598 | Slime:5  | Identified the ring of the Salmon {rF+ rCorr Dex+4}
 75661 | Slime:5  | Got a slimy rune of Zot
 75662 | Slime:5  | Identified the +3 sling "Beastslayer" {venom, *Corrode
                  | rElec Dex+6}
 75666 | Slime:5  | Identified the amulet of Koukaesyist {Reflect Dex+8 SH+5}
 75695 | Slime:5  | Got Advanced Spellcraft
 75758 | Slime:5  | Identified the +1 robe of the Gloaming {Str+4}
 75800 | Slime:5  | Reached XP level 26. HP: 192/209 MP: 43/45
 76624 | Depths:2 | Found a one-way gate leading to the halls of Pandemonium.
 77314 | Depths:3 | Identified the +3 great mace of Plague {freeze, rF+ Str-4
                  | SInv Stlth+}
 77316 | Depths:3 | Reached skill level 10 in Dodging
 77316 | Depths:3 | Noticed Ugosih's ghost (adept MiFi)
 77318 | Depths:3 | Identified the +6 great mace "Octopus's Doom" {vorpal,
                  | Contam Will+++}
 77324 | Depths:3 | Found a transporter.
 77414 | Depths:3 | Found a transporter.
 77425 | Depths:3 | Killed Ugosih's ghost
 77525 | Depths:3 | Lost mutation: You are vulnerable to cold. (rC-) [potion of
                  | mutation]
 77525 | Depths:3 | Gained mutation: You are resistant to electric shocks.
                  | (rElec) [potion of mutation]
 77525 | Depths:3 | Gained mutation: You occasionally shout uncontrollably at
                  | your foes. [potion of mutation]
 77525 | Depths:3 | Gained mutation: One of your tentacles bears a spike.
                  | [potion of mutation]
 77637 | D:15     | Bought the +7 trident "Hyvvabar" {pain, Fragile rElec
                  | Str+4} for 1149 gold pieces
 77748 | Vaults:1 | You paid a toll of the trident "Hyvvabar" to enter a
                  | treasure trove
 77749 | Trove    | Entered a treasure trove
 77753 | Trove    | Found the necklace of Bloodlust {*Rage Will++ Int-3 Slay+6}
 77761 | Trove    | Identified the ring of the Blue Skies {Str+6 Dex+4}
 77765 | Trove    | Identified the ring "Ygoxom" {Wiz rElec}
 77767 | Trove    | Identified the ring of Joy {Drain Fly Will++ Dex+6}
 77775 | Trove    | Identified the ring "Zoudgh" {Fly rF- Will+ Str+6 Int+3}
 78050 | Depths:3 | Found the +5 glaive of the Guard {elec, spectral, AC+5}
 78273 | Depths:4 | Entered Level 4 of the Depths
 78785 | Depths:4 | Found a gate to the Realm of Zot.
 78947 | Depths:4 | Noticed a juggernaut
 78949 | Depths:4 | Identified the ring "Oppyuzej" {Ice Will+}
 78949 | Depths:4 | Noticed Josephina
 79335 | Depths:4 | Killed a juggernaut
 79877 | Depths:4 | Got the Lectures on Molten Transfiguration
 80728 | Hell     | Found a gateway to the freezing wastes of Cocytus.
 80732 | Hell     | Reached XP level 27. HP: 186/216 MP: 45/45
 81084 | Hell     | Found a gateway to the Iron City of Dis.
 81203 | Hell     | Found a gateway to the ashen valley of Gehenna.
 81305 | Hell     | Found a gateway to the decaying netherworld of Tartarus.
 81714 | Depths:2 | Bought a scroll of teleportation for 129 gold pieces
 81714 | Depths:2 | Bought a scroll of fear for 172 gold pieces
 81736 | Depths:2 | Gained mutation: You are weak. (Str -2) [a shining eye]
 81752 | Zig:1    | Entered Level 1 of a ziggurat
 81834 | Zig:2    | Entered Level 2 of a ziggurat
 81853 | Zig:2    | Identified the +1 cloak of the Chupacabra {Contam Will+
                  | Stlth+}
 81859 | Zig:3    | Entered Level 3 of a ziggurat
 81892 | Zig:3    | Reached skill level 15 in Dodging
 81895 | Zig:4    | Entered Level 4 of a ziggurat
 81913 | Zig:4    | Identified the +6 scale mail of Tyheer {Str+2}
 81938 | Zig:5    | Entered Level 5 of a ziggurat
 81963 | Zig:5    | Got Ubbiar's Collected Works on Calorific Conjuration
 81985 | Zig:6    | Entered Level 6 of a ziggurat
 82021 | Zig:6    | Identified the ring "Ihosuicw" {rPois SInv}
 82030 | Zig:6    | Identified the +1 robe "Qoerim" {rPois rF++ Str-5 Archmagi}
 82058 | Zig:7    | Entered Level 7 of a ziggurat
 82096 | Zig:7    | Identified the +2 pair of boots of the Worm {*Corrode
                  | Int+6}
 82105 | Zig:7    | Identified the +7 demon trident of Dete {pain, rN+}
 82196 | Zig:8    | Entered Level 8 of a ziggurat
 82201 | Zig:8    | Found the +5 robe of Night {Dark Will+ SInv}
 82203 | Zig:8    | Noticed a juggernaut
 82204 | Zig:8    | Noticed a juggernaut
 82209 | Zig:8    | Killed a juggernaut
 82210 | Zig:8    | Killed a juggernaut
 82248 | Zig:9    | Entered Level 9 of a ziggurat
 82257 | Zig:9    | Noticed a dread lich
 82273 | Zig:9    | Killed a dread lich
 82365 | Zig:9    | Identified the ring of Laerox {rPois MP+9}
 82367 | Zig:9    | Got the Secrets of Vapour and Hexes
 82370 | Zig:9    | Lost mutation: You are resistant to electric shocks.
                  | (rElec) [potion of mutation]
 82370 | Zig:9    | Lost mutation: You are weak. (Str -2) [potion of mutation]
 82370 | Zig:9    | Lost mutation: You occasionally shout uncontrollably at
                  | your foes. [potion of mutation]
 82370 | Zig:9    | Gained mutation: You are agile. (Dex +4, Str/Int -1)
                  | [potion of mutation]
 82370 | Zig:9    | Gained mutation: You are weak. (Str -2) [potion of
                  | mutation]
 82370 | Zig:9    | Gained mutation: Your spells are a little easier to cast,
                  | but a little less powerful. [potion of mutation]
 82370 | Zig:9    | Lost mutation: Your spells are a little easier to cast, but
                  | a little less powerful. [potion of mutation]
 82542 | Zig:10   | Entered Level 10 of a ziggurat
 82564 | Zig:10   | Identified the +11 flail of Dishonesty {flame, Stlth+}
 82568 | Zig:10   | Identified the ring "Feagel" {MP-9 Str+4 Dex+6 Slay+2}
 82612 | Zig:11   | Entered Level 11 of a ziggurat
 82616 | Zig:11   | Noticed Moffawk the pandemonium lord
 82617 | Zig:11   | Noticed Uhohuzot the pandemonium lord
 82617 | Zig:11   | Noticed Raseytyff the pandemonium lord
 82620 | Zig:11   | Paralysed by you for 3 turns
 82623 | Zig:11   | Killed Raseytyff the pandemonium lord
 82623 | Zig:11   | Killed Uhohuzot the pandemonium lord
 82630 | Zig:11   | Killed Moffawk the pandemonium lord
 82643 | Zig:11   | Identified the ring of Vawox {rC+ rN+ rCorr Str-3 SInv}
 82850 | Zig:11   | Learned a level 1 spell: Apportation
 82853 | Zig:12   | Entered Level 12 of a ziggurat
 82862 | Zig:12   | Found the amulet of the Air {Inacc Air Fly rElec RMsl}
 82903 | Zig:12   | Identified the +10 dagger of Equilibrium {vorpal, rElec
                  | rCorr Dex-3 Stlth+}
 82905 | Zig:12   | Identified the ring of Wabausme {Fly Int+4 Dex+3}
 82946 | Zig:13   | Entered Level 13 of a ziggurat
 82963 | Zig:13   | Found the +12 pair of quick blades "Gyre" and "Gimble"
                  | {protect}
 83069 | Zig:13   | Identified the +7 war axe of Baoguses {venom, rPois Dex+4}
 83101 | Zig:14   | Entered Level 14 of a ziggurat
 83197 | Zig:15   | Entered Level 15 of a ziggurat
 83293 | Zig:15   | Identified the ring "Zauqezxa" {*Slow MP+9 Str+4 Int+3
                  | Dex+2}
 83364 | Zig:16   | Entered Level 16 of a ziggurat
 83732 | Zig:17   | Entered Level 17 of a ziggurat
 83792 | Zig:17   | Identified the amulet "Hedarad" {Acrobat Slay+3}
 83797 | Zig:17   | Identified the +1 dagger of Parts Unknown {venom, Contam
                  | rF++ rN+ MP+9}
 83799 | Zig:17   | Identified the +6 great mace of Poverty {drain, rElec Str-2
                  | SInv Stlth+}
 83945 | Zig:18   | Entered Level 18 of a ziggurat
 83989 | Zig:18   | Identified the ring of Viufetye {+Blink MP+9 Str+3 Slay+2}
 83997 | Zig:18   | Identified the ring of Balance {Fly Dex+6}
 84112 | Zig:18   | Identified the +0 robe of Vessiude {rN+ Int+5 Stlth+}
 84137 | Zig:19   | Entered Level 19 of a ziggurat
 84186 | Zig:19   | Got the Meditations on Sculpting
 84249 | Zig:19   | Identified the +0 cloak of Fallacy {rF+}
 84252 | Zig:19   | Identified the +1 leather armour of Zin, Muttering {rF+
                  | rC+}
 84253 | Zig:19   | Identified the +5 great sword "Ogusop" {freeze, rPois
                  | Int+2}
 84254 | Zig:19   | Identified the +0 scale mail of the Unbroken {Rampage}
 84258 | Zig:19   | Identified the +7 mace "Ceihofox" {vamp, Dex+6}
 84324 | Zig:20   | Entered Level 20 of a ziggurat
 84336 | Zig:20   | Noticed a juggernaut
 84336 | Zig:20   | Noticed a juggernaut
 84338 | Zig:20   | Noticed a juggernaut
 84338 | Zig:20   | Noticed a juggernaut
 84338 | Zig:20   | Identified a scroll of acquirement
 84341 | Zig:20   | Noticed a juggernaut
 84344 | Zig:20   | Killed a juggernaut
 84344 | Zig:20   | Killed a juggernaut
 84344 | Zig:20   | Killed a juggernaut
 84345 | Zig:20   | Killed a juggernaut
 84345 | Zig:20   | Killed a juggernaut
 84389 | Zig:20   | Got the Incunable of Conflict
 84422 | Zig:20   | Got Wiptoun's Volume of Frigid Transposition
 84489 | Zig:20   | Acquired the +6 tower shield of Articulation {rPois Str-2
                  | Int+9 Dex-2}
 84564 | Zig:21   | Entered Level 21 of a ziggurat
 84918 | Zig:21   | Identified the ring "Gongaf" {rCorr EV+4}
 84919 | Zig:21   | Identified the +9 arbalest "Murmur" {freeze, rElec}
 84925 | Zig:21   | Identified the +5 triple crossbow of Hacking and Slashing
                  | {elec, SInv}
 84931 | Zig:21   | Identified the +0 plate armour of Qaegak {Fly rElec rN+}
 85040 | Zig:22   | Entered Level 22 of a ziggurat
 85162 | Zig:22   | Identified the +10 scimitar of Watchfulness {vorpal, Str+5}
 85169 | Zig:22   | Identified the +4 dagger of Context {speed, Fragile +Blink
                  | rElec rN++}
 85275 | Zig:23   | Entered Level 23 of a ziggurat
 85580 | Zig:23   | Identified the ring "Zuqewyfu" {rN+ Will- Str+2 Int+5
                  | Slay+4}
 85581 | Zig:23   | Identified the ring "Paatsyre" {rPois rC+++ rN+ rCorr}
 85620 | Zig:23   | Got Sif Muna's Encyclopedia of Moulding and the Rocks
 85626 | Zig:23   | Learned a level 2 spell: Blink
 85641 | Zig:24   | Entered Level 24 of a ziggurat
 85704 | Zig:24   | Found the +7 Singing Sword {vorpal, sonic wave}
 85714 | Zig:24   | Identified the ring of Vigy {*Corrode rElec rPois rF+
                  | Will+}
 85718 | Zig:24   | Got the Handbook of the Scorching Map
 85722 | Zig:24   | Identified the +8 trident of Pivomod {vorpal, Dex+2}
 85892 | Zig:25   | Entered Level 25 of a ziggurat
 86224 | Zig:25   | Identified the +2 robe of Magic {*Slow Str+4 Int+2 Dex+2}
 86246 | Zig:25   | Identified the +1 chain mail of the Furies {rElec rCorr
                  | Dex-4}
 86332 | Zig:26   | Entered Level 26 of a ziggurat
 86342 | Zig:26   | Noticed Leukko the pandemonium lord
 86342 | Zig:26   | Noticed Rucankiz the pandemonium lord
 86342 | Zig:26   | Noticed Zeydemit the pandemonium lord
 86345 | Zig:26   | Noticed Hani the pandemonium lord
 86347 | Zig:26   | Noticed Qamots the pandemonium lord
 86347 | Zig:26   | Noticed Xil Orae the pandemonium lord
 86347 | Zig:26   | Noticed Ufoo the pandemonium lord
 86351 | Zig:26   | Killed Rucankiz the pandemonium lord
 86351 | Zig:26   | Noticed Lall the pandemonium lord
 86352 | Zig:26   | Killed Hani the pandemonium lord
 86352 | Zig:26   | Noticed Gymeixzir the pandemonium lord
 86353 | Zig:26   | Killed Zeydemit the pandemonium lord
 86354 | Zig:26   | Killed Leukko the pandemonium lord
 86355 | Zig:26   | Noticed Hecececs the pandemonium lord
 86355 | Zig:26   | Noticed Iriuj the pandemonium lord
 86356 | Zig:26   | Noticed Womyoli the pandemonium lord
 86384 | Zig:26   | Noticed Gyqioj the pandemonium lord
 86385 | Zig:26   | Killed Gymeixzir the pandemonium lord
 86387 | Zig:26   | Noticed Hiugoel the pandemonium lord
 86387 | Zig:26   | Killed Hecececs the pandemonium lord
 86390 | Zig:26   | Killed Gyqioj the pandemonium lord
 86390 | Zig:26   | Killed Qamots the pandemonium lord
 86395 | Zig:26   | Noticed Hephaesa the pandemonium lord
 86395 | Zig:26   | Found the amulet of the Four Winds {rN+ Will+++ Clar}
 86401 | Zig:27   | Entered Level 27 of a ziggurat
 86423 | Zig:27   | Noticed a dread lich
 86433 | Zig:27   | Noticed an ancient lich
 86440 | Zig:27   | Noticed an ancient lich
 86483 | Depths:2 | Bought a potion of lignification for 48 gold pieces
 86483 | Depths:2 | Bought a potion of curing for 48 gold pieces
 86483 | Depths:2 | Bought a potion of haste for 160 gold pieces
 86483 | Depths:2 | Bought 2 potions of curing for 96 gold pieces
 86483 | Depths:2 | Bought a potion of curing for 48 gold pieces
 86483 | Depths:2 | Bought 2 potions of ambrosia for 256 gold pieces
 86483 | Depths:2 | Bought a potion of invisibility for 128 gold pieces
 86483 | Depths:2 | Bought a potion of ambrosia for 128 gold pieces
 86483 | Depths:2 | Bought a potion of lignification for 48 gold pieces
 86491 | Depths:2 | Bought a scroll of teleportation for 114 gold pieces
 86735 | Zig:1    | Entered Level 1 of a ziggurat
 86756 | Zig:2    | Entered Level 2 of a ziggurat
 86784 | Zig:3    | Entered Level 3 of a ziggurat
 86815 | Zig:4    | Entered Level 4 of a ziggurat
 86859 | Zig:5    | Entered Level 5 of a ziggurat
 86953 | Zig:5    | Identified the +1 robe of the Ward {Drain Will+ Int+4}
 86956 | Zig:6    | Entered Level 6 of a ziggurat
 86982 | Zig:6    | Identified the +8 rapier of Integrity {venom, rPois rF-
                  | Str+3 Dex+5}
 87001 | Zig:6    | Reached skill level 27 in Fighting
 87011 | Zig:7    | Entered Level 7 of a ziggurat
 87034 | Zig:7    | Identified the +1 pair of boots "Naul" {+Inv rF++ MP+9
                  | Dex-5}
 87038 | Zig:7    | Identified the amulet "Deunehut" {Faith Harm rElec rC+
                  | Slay-4}
 87220 | Zig:8    | Entered Level 8 of a ziggurat
 87320 | Zig:8    | Identified the +6 great sword of the Salmon {freeze, Str+5}
 87322 | Zig:8    | Identified the +3 leather armour "Cinefiug" {Str+4}
 87334 | Zig:8    | Identified the ring "Koqiot" {rN+ Int+6}
 87336 | Zig:8    | Identified the +9 sling "Xifyimp" {vorpal, rF+ Will- Str+2}
 87351 | Zig:9    | Entered Level 9 of a ziggurat
 87356 | Zig:9    | Noticed Keac Netot the pandemonium lord
 87356 | Zig:9    | Noticed Esolian the pandemonium lord
 87362 | Zig:9    | Killed Keac Netot the pandemonium lord
 87362 | Zig:9    | Killed Esolian the pandemonium lord
 87399 | Zig:9    | Identified the +2 robe of the Hungering Gods {+Blink rCorr
                  | Str-5 Stlth+}
 87462 | Zig:10   | Entered Level 10 of a ziggurat
 87544 | Zig:10   | Acquired 480 gold pieces
 87548 | Zig:10   | Acquired the +3 hat of Pondering {ponderous, Will+ MP+10
                  | Int+5}
 87548 | Zig:10   | Found the +3 hat of Pondering {ponderous, Will+ MP+10
                  | Int+5}
 87590 | Zig:10   | Identified the +0 pair of boots of Darkness {*Corrode
                  | Dex+6}
 87643 | Zig:11   | Entered Level 11 of a ziggurat
 87657 | Zig:11   | Found the +7 great mace "Undeadhunter" {disrupt, rN+}
 88021 | D:6      | Fell from the grace of Gozag
 88021 | D:6      | Became a worshipper of Cheibriados the Contemplative
 88283 | Lair:5   | Voluntarily entered the Abyss.
 88437 | Abyss:3  | Found a corrupted altar of Lugonu.
 88489 | Abyss:3  | Reached * piety under Cheibriados
 88566 | Abyss:3  | Found a radiant altar of Vehumet.
 88566 | Abyss:3  | Found a radiant altar of Vehumet.
 88566 | Abyss:3  | Found a radiant altar of Vehumet.
 88629 | Abyss:4  | Found a corrupted altar of Lugonu.
 88664 | Abyss:4  | Reached ** piety under Cheibriados
 88798 | Abyss:4  | Reached *** piety under Cheibriados
 88800 | Abyss:4  | Found a corrupted altar of Lugonu.
 88808 | Abyss:4  | Got an abyssal rune of Zot
 88821 | Lair:5   | Escaped the Abyss
 89241 | Pan      | Entered Pandemonium
 89331 | Pan      | Reached **** piety under Cheibriados
 89547 | Pan      | Found a runed translucent door.
 89556 | Pan      | Found a runed translucent door.
 89558 | Pan      | Found a runed translucent door.
 89560 | Pan      | Noticed Agrinus the pandemonium lord
 89564 | Pan      | Killed Agrinus the pandemonium lord
 89569 | Pan      | Found a runed translucent door.
 89641 | Pan      | Gained mutation: You occasionally lose the ability to drink
                  | potions when taking damage. [a cacodemon]
 89819 | Pan      | Reached skill level 15 in Invocations
 89819 | Pan      | Found a runed translucent door.
 89982 | Pan      | Reached ***** piety under Cheibriados
 90046 | Pan      | Found a runed translucent door.
 90053 | Pan      | Noticed Niliy the pandemonium lord
 90061 | Pan      | Found a runed translucent door.
 90061 | Pan      | Found a runed translucent door.
 90406 | Pan      | Killed Niliy the pandemonium lord
 90412 | Pan      | Reached skill level 27 in Ice Magic
 90490 | Pan      | Identified the +9 flail "Irres" {vorpal, Dex+3}
 90502 | Pan      | Gained mutation: You are frail. (-10% HP) [a neqoxec]
 90698 | Pan      | Noticed Nuweselou the pandemonium lord
 90706 | Pan      | Killed Nuweselou the pandemonium lord
 90859 | Pan      | Identified the +6 dire flail "Vuusuollawk" {pain, rF+ rN+
                  | rCorr Int-5}
 91016 | Pan      | Reached ****** piety under Cheibriados
 91197 | Pan      | Learned a level 6 spell: Iron Shot
 91410 | Pan      | Noticed Zekehuem the pandemonium lord
 91672 | Pan      | Killed Zekehuem the pandemonium lord
 91798 | Pan      | Reached skill level 27 in Shields
 94073 | Pan      | Identified the +6 double sword "Piuhaci" {vorpal, Str-4
                  | Int+3}
 94281 | Pan      | Noticed Niotog the pandemonium lord
 94290 | Pan      | Killed Niotog the pandemonium lord
 95514 | Pan      | Gained mutation: Your body sometimes deteriorates upon
                  | taking damage. [a cacodemon]
 95520 | Pan      | Gained mutation: You are partially covered in iridescent
                  | scales. (AC +2) [a cacodemon]
 95582 | Pan      | Noticed Cuothrao the pandemonium lord
 95588 | Pan      | Killed Cuothrao the pandemonium lord
 95669 | Pan      | Gained mutation: Your magical capacity is low. (-10% MP) [a
                  | neqoxec]
 96140 | Pan      | Was forgiven by Gozag
 96279 | Pan      | Found a runed translucent door.
 96287 | Pan      | Got a demonic rune of Zot
 96390 | Pan      | Found a runed translucent door.
 96393 | Pan      | Found a runed translucent door.
 96398 | Pan      | Acquired 664 gold pieces
 96405 | Pan      | Found a runed translucent door.
 96407 | Pan      | Noticed Ruusuudgh the pandemonium lord
 96412 | Pan      | Killed Ruusuudgh the pandemonium lord
 96420 | Pan      | Found a runed translucent door.
 96544 | Pan      | Identified the +0 pair of gloves of Absolutism {-Cast
                  | Rampage rElec Stlth+}
 97034 | Pan      | Entered the realm of Lom Lobon.
 97340 | Pan      | Noticed Lom Lobon
 97696 | Pan      | Killed Lom Lobon
 97697 | Pan      | Reached skill level 1 in Air Magic
 97707 | Pan      | Got a magical rune of Zot
 97775 | Pan      | Learned a level 8 spell: Maxwell's Capacitive Coupling
 97952 | Pan      | Gained mutation: You are occasionally teleported next to
                  | monsters. [a cacodemon]
 97964 | Pan      | Lost mutation: Your magical capacity is low. (-10% MP)
                  | [potion of mutation]
 97964 | Pan      | Lost mutation: You are agile. (Dex +4, Str/Int -1) [potion
                  | of mutation]
 97964 | Pan      | Gained mutation: You sometimes lose the ability to drink
                  | potions when taking damage. [potion of mutation]
 97965 | Pan      | Lost mutation: You are occasionally teleported next to
                  | monsters. [potion of mutation]
 97965 | Pan      | Lost mutation: You are weak. (Str -2) [potion of mutation]
 97965 | Pan      | Gained mutation: You possess an exceptional clarity of
                  | mind. [potion of mutation]
 97965 | Pan      | Gained mutation: You have an increased reservoir of magic.
                  | (+10% MP) [potion of mutation]
 98009 | Pan      | Lost mutation: You have an increased reservoir of magic.
                  | (+10% MP) [potion of mutation]
 98009 | Pan      | Lost mutation: You sometimes lose the ability to drink
                  | potions when taking damage. [potion of mutation]
 98009 | Pan      | Gained mutation: You are mostly covered in iridescent
                  | scales. (AC +4) [potion of mutation]
 98009 | Pan      | Gained mutation: You passively map a small area around you.
                  | [potion of mutation]
 98010 | Pan      | Lost mutation: You occasionally lose the ability to drink
                  | potions when taking damage. [potion of mutation]
 98010 | Pan      | Lost mutation: You are mostly covered in iridescent scales.
                  | (AC +4) [potion of mutation]
 98010 | Pan      | Gained mutation: Your natural rate of healing is unusually
                  | fast. [potion of mutation]
 98010 | Pan      | Gained mutation: Your magical capacity is low. (-10% MP)
                  | [potion of mutation]
 98011 | Pan      | Lost mutation: You are frail. (-10% HP) [potion of
                  | mutation]
 98011 | Pan      | Lost mutation: One of your tentacles bears a spike. [potion
                  | of mutation]
 98011 | Pan      | Gained mutation: Your muscles are strong. (Str +4, Int/Dex
                  | -1) [potion of mutation]
 98012 | Pan      | Lost mutation: You possess an exceptional clarity of mind.
                  | [potion of mutation]
 98012 | Pan      | Lost mutation: Your natural rate of healing is unusually
                  | fast. [potion of mutation]
 98012 | Pan      | Lost mutation: Your muscles are strong. (Str +4, Int/Dex
                  | -1) [potion of mutation]
 98012 | Pan      | Gained mutation: You are weak. (Str -2) [potion of
                  | mutation]
 98012 | Pan      | Gained mutation: You are mostly covered in iridescent
                  | scales. (AC +4) [potion of mutation]
 98012 | Pan      | Gained mutation: Your system is resistant to poisons.
                  | (rPois) [potion of mutation]
 98013 | Pan      | Lost mutation: Your system is resistant to poisons. (rPois)
                  | [potion of mutation]
 98013 | Pan      | Lost mutation: You are weak. (Str -2) [potion of mutation]
 98013 | Pan      | Lost mutation: Your magical capacity is low. (-10% MP)
                  | [potion of mutation]
 98013 | Pan      | Gained mutation: You have hidden genetic defects. [potion
                  | of mutation]
 98013 | Pan      | Gained mutation: You are completely covered in iridescent
                  | scales. (AC +6) [potion of mutation]
 98037 | Pan      | Noticed Jouss the pandemonium lord
 98042 | Pan      | Killed Jouss the pandemonium lord
 98124 | Pan      | Entered the realm of Cerebov.
 98138 | Pan      | Found an exit through the horrors of the Abyss.
 98678 | Pan      | Identified the +6 scimitar of the Festooned God {antimagic,
                  | rF+}
 98678 | Pan      | Identified the amulet "Utufal" {Regen+ Str+3}
 98802 | Pan      | Gained mutation: You are clumsy. (Dex -2) [hidden defects]
 98805 | Pan      | Found the +6 sword of Cerebov {flame}
 98805 | Pan      | Noticed Cerebov
 98883 | Pan      | Killed Cerebov
 98884 | Pan      | Reached skill level 5 in Air Magic
 98922 | Pan      | Got a fiery rune of Zot
 99033 | Pan      | Entered the realm of Mnoleg.
 99287 | Pan      | Gained mutation: You are weak. (Str -2) [a neqoxec]
 99319 | Pan      | Gained mutation: Your magical capacity is low. (-10% MP) [a
                  | cacodemon]
 99342 | Pan      | Gained mutation: You are frail. (-10% HP) [hidden defects]
 99342 | Pan      | Lost mutation: You have hidden genetic defects. [hidden
                  | defects expressed]
 99372 | Pan      | Gained mutation: Your body often deteriorates upon taking
                  | damage. [a neqoxec]
 99443 | Pan      | Noticed Mnoleg
 99445 | Pan      | Gained mutation: You occasionally shout uncontrollably at
                  | your foes. [a neqoxec]
 99447 | Pan      | Paralysed by a floating eye for 4 turns
 99542 | Pan      | Acquired a staff of earth
 99731 | Pan      | Gained mutation: Your spells are a little easier to cast,
                  | but a little less powerful. [a neqoxec]
 99863 | Pan      | Killed Mnoleg
 99883 | Pan      | Got a glowing rune of Zot
100142 | Pan      | Found an exit through the horrors of the Abyss.
100151 | Pan      | Lost mutation: Your magical capacity is low. (-10% MP)
                  | [potion of mutation]
100151 | Pan      | Lost mutation: You occasionally shout uncontrollably at
                  | your foes. [potion of mutation]
100151 | Pan      | Lost mutation: You are frail. (-10% HP) [potion of
                  | mutation]
100151 | Pan      | Gained mutation: Your natural rate of healing is unusually
                  | fast. [potion of mutation]
100152 | Pan      | Lost mutation: Your spells are a little easier to cast, but
                  | a little less powerful. [potion of mutation]
100152 | Pan      | Lost mutation: You are clumsy. (Dex -2) [potion of
                  | mutation]
100328 | Pan      | Entered the realm of Gloorx Vloq.
100332 | Pan      | Reached skill level 1 in Conjurations
100396 | Pan      | Identified the ring of Due Proportion {Contam Will+ rCorr
                  | Str+3 Int+2 Dex+2}
100469 | Pan      | Noticed Gloorx Vloq
100475 | Pan      | Killed Gloorx Vloq
100479 | Pan      | Got a dark rune of Zot
100728 | Pan      | Noticed Muuvud the pandemonium lord
100735 | Pan      | Killed Muuvud the pandemonium lord
100779 | Depths:2 | Escaped Pandemonium
100878 | Geh:1    | Entered Level 1 of Gehenna
100884 | Geh:1    | Reached skill level 5 in Conjurations
101350 | Geh:3    | Reached skill level 27 in Spellcasting
101589 | Geh:7    | Entered Level 7 of Gehenna
101595 | Geh:7    | Noticed a dread lich
101603 | Geh:7    | Killed a dread lich
101628 | Geh:7    | Reached skill level 10 in Conjurations
101951 | Geh:7    | Found the +7 sceptre of Asmodeus
101951 | Geh:7    | Noticed Asmodeus
101956 | Geh:7    | Killed Asmodeus
102057 | Geh:7    | Got an obsidian rune of Zot
102252 | Geh:7    | Noticed the Serpent of Hell
102269 | Geh:7    | Killed the Serpent of Hell
102379 | Hell     | Learned a level 8 spell: Lehudib's Crystal Spear
102387 | Hell     | Learned a level 7 spell: Enfeeble
102416 | Coc:1    | Entered Level 1 of Cocytus
102618 | Coc:3    | You fall into a shaft and drop 3 floors!
102710 | Coc:7    | Entered Level 7 of Cocytus
102724 | Coc:7    | Paralysed by a wendigo for 1 turns
102830 | Coc:7    | Reached skill level 27 in Stealth
102879 | Coc:7    | Reached skill level 27 in Dodging
102948 | Coc:7    | Reached skill level 15 in Conjurations
103806 | Coc:7    | Identified the +8 rapier "Faafegacs" {vorpal, Drain rF+
                  | Dex+6}
103806 | Coc:7    | Noticed Antaeus
103810 | Coc:7    | Killed Antaeus
103821 | Coc:7    | Found the +12 glaive of Prune {vorpal}
103836 | Coc:7    | Got an icy rune of Zot
103979 | Tar:1    | Entered Level 1 of Tartarus
103979 | Tar:1    | Noticed an ancient lich
103983 | Tar:1    | Killed an ancient lich
103984 | Tar:1    | Reached skill level 1 in Earth Magic
104630 | Tar:5    | Reached skill level 5 in Earth Magic
104877 | Tar:6    | Noticed a juggernaut
104886 | Tar:6    | Killed a juggernaut
105077 | Tar:6    | Noticed a juggernaut
105087 | Tar:6    | Noticed a juggernaut
105091 | Tar:6    | Killed a juggernaut
105105 | Tar:6    | Killed a juggernaut
105287 | Tar:7    | Entered Level 7 of Tartarus
106654 | Tar:7    | Found the +4 Cigotuvi's embrace {rMiasma Drain rN+}
106657 | Tar:7    | Identified the +1 pair of gloves of Henotheism {Dex+3}
106800 | Tar:7    | Noticed Ereshkigal
106806 | Tar:7    | Killed Ereshkigal
107317 | Tar:7    | Reached skill level 10 in Earth Magic
107407 | Tar:7    | Identified the +1 shortbow of the Mauling Gods {freeze,
                  | rF+}
107412 | Tar:7    | Got a bone rune of Zot
107417 | Tar:7    | Identified the +4 battleaxe of Ufulo {antimagic, Fragile
                  | rPois Will+ Str+2}
108103 | Dis:1    | Entered Level 1 of the Iron City of Dis
108582 | Dis:4    | Noticed a dread lich
108582 | Dis:4    | Noticed a dread lich
108582 | Dis:4    | Noticed a dread lich
108587 | Dis:4    | Noticed an ancient lich
108629 | Dis:4    | Noticed a dread lich
109124 | Dis:7    | Entered Level 7 of the Iron City of Dis
109628 | Dis:7    | Noticed a juggernaut
109639 | Dis:7    | Killed a juggernaut
109748 | Dis:7    | Identified the +8 war axe of Causality {freeze, Str+7
                  | Int-2}
110216 | Dis:7    | Noticed a juggernaut
110221 | Dis:7    | Killed a juggernaut
110230 | Dis:7    | Found the +4 staff of Dispater
110230 | Dis:7    | Noticed Dispater
110237 | Dis:7    | Killed Dispater
110278 | Dis:7    | Got an iron rune of Zot
110788 | Vaults:2 | Learned a level 9 spell: Shatter
110928 | Crypt:1  | Entered Level 1 of the Crypt
111197 | Crypt:3  | Entered Level 3 of the Crypt
111335 | Crypt:3  | Found a basalt altar of Yredelemnul.
111428 | Crypt:3  | Found a staircase to the Tomb.
111428 | Crypt:3  | Noticed an ancient lich
111430 | Crypt:3  | Killed an ancient lich
111449 | Crypt:3  | Identified the ring "Ledigg" {Fly rF++ Dex+6 Stlth-}
111491 | Tomb:1   | Entered Level 1 of the Tomb of the Ancients
111498 | Tomb:1   | Noticed a royal mummy
111498 | Tomb:1   | Noticed a royal mummy
111498 | Tomb:1   | Noticed a royal mummy
111498 | Tomb:1   | Noticed a royal mummy
111500 | Tomb:1   | Killed a royal mummy
111501 | Tomb:1   | Killed a royal mummy
111501 | Tomb:1   | Killed a royal mummy
111501 | Tomb:1   | Killed a royal mummy
111502 | Tomb:1   | Noticed a royal mummy
111503 | Tomb:1   | Noticed a royal mummy
111504 | Tomb:1   | Noticed a royal mummy
111523 | Crypt:3  | Reached skill level 15 in Earth Magic
111652 | Tomb:1   | Noticed a royal mummy
111654 | Tomb:1   | Killed a royal mummy
111654 | Tomb:1   | Killed a royal mummy
111654 | Tomb:1   | Killed a royal mummy
111654 | Tomb:1   | Noticed a royal mummy
111655 | Tomb:1   | Noticed a royal mummy
111656 | Tomb:1   | Noticed a royal mummy
111756 | Tomb:1   | Killed a royal mummy
111756 | Tomb:1   | Killed a royal mummy
111757 | Tomb:1   | Killed a royal mummy
111757 | Tomb:1   | Killed a royal mummy
111757 | Tomb:1   | Noticed a royal mummy
111758 | Tomb:1   | Noticed a royal mummy
111760 | Tomb:1   | Killed a royal mummy
111760 | Tomb:1   | Killed a royal mummy
111871 | Tomb:1   | Noticed a royal mummy
111874 | Tomb:1   | Killed a royal mummy
111952 | Tomb:1   | Noticed a royal mummy
111956 | Tomb:1   | Killed a royal mummy
112008 | Tomb:1   | Noticed a royal mummy
112009 | Tomb:1   | Noticed a royal mummy
112013 | Tomb:1   | Killed a royal mummy
112013 | Tomb:1   | Killed a royal mummy
112108 | Tomb:1   | Noticed a royal mummy
112111 | Tomb:1   | Killed a royal mummy
112214 | Tomb:1   | Noticed a royal mummy
112247 | Tomb:2   | Noticed a royal mummy
112247 | Tomb:2   | Noticed a royal mummy
112247 | Tomb:2   | Noticed a royal mummy
112247 | Tomb:2   | Noticed a royal mummy
112247 | Tomb:2   | Noticed Mennas
112260 | Tomb:2   | Noticed a royal mummy
112262 | Tomb:2   | Killed a royal mummy
112262 | Tomb:2   | Killed a royal mummy
112263 | Tomb:2   | Killed a royal mummy
112269 | Tomb:2   | Killed a royal mummy
112269 | Tomb:2   | Killed a royal mummy
112276 | Tomb:2   | Killed Mennas
112279 | Tomb:2   | HP: 8/224 [something (13)]
112745 | Tomb:3   | Entered Level 3 of the Tomb of the Ancients
112783 | Tomb:3   | Noticed a royal mummy
112784 | Tomb:3   | Noticed a royal mummy
112792 | Tomb:3   | Killed a royal mummy
112792 | Tomb:3   | Noticed a royal mummy
112794 | Tomb:3   | Killed a royal mummy
112798 | Tomb:3   | Noticed a royal mummy
112798 | Tomb:3   | Noticed a royal mummy
112801 | Tomb:3   | Noticed a royal mummy
112804 | Tomb:3   | HP: 9/224 [royal mummy/divine providence (10)]
112805 | Tomb:3   | HP: 2/224 [ushabti] (10)]
112805 | Tomb:3   | Killed from afar by a royal mummy

Illustrated notes

Levels and vault maps discovered:
D:1:      dpeg_arrival_shelter, layout_loops_ring, minmay_bisected
D:2:      layout_basic, basic_altar, shapermc_ecumenical_altar_gd,
          hangedman_decor_push, grunt_decor_mini_mirrors, minmay_joined_circles,
          uniq_jessica
D:3:      layout_loops_cross, lemuel_tele_altar, minmay_door_square
D:4:      layout_loops_ring, general_overflow_altar, gammafunk_ghost_cemetery,
          hangedman_glass_teeth, uniq_menkaure
D:5:      layout_gridville, serial_shops, nicolae_shop_advertising_works
          [nicolae_subvault_shop_adworks], kennysheep_little_box,
          nicolae_shop_statue_plus, kennysheep_mini,
          nicolae_shop_hallway_stairs, nicolae_ossuary_entry_giza,
          nicolae_shop_vocational, uniq_sigmund
D:6:      layout_rooms, lemuel_crystal_altar, mainiacjoe_overflow_paths
D:7:      layout_basic, mainiacjoe_overflow_brackets,
          minmay_temple_entry_stoned_glass
D:8:      layout_rooms, fedhas_altar_3, vehumet_crystals, hangedman_decor_lopped
D:9:      layout_cave_pods, worms_lemuel
D:10:     layout_irregular_city, mainiacjoe_overflow_catwalk, tgw_trog,
          dpeg_lair_monsters, orc_0_dummy, serial_shops, nicolae_lakefront_shop,
          nrook_uturn
D:11:     layout_roguey, nzn_ghost_randoct
D:12:     layout_long_grid, uniq_snorg
D:13:     layout_big_octagon, serial_column_ruins, column_ruins_square_large,
          column_ruins_corridor_corner, column_ruins_grid_3,
          column_ruins_open_medium, column_ruins_columns_corner,
          column_ruins_grid_1, column_ruins_corridor_straight,
          biasface_ghost_orc_armoury
D:14:     layout_basic, erik_vaults_2, special_room [special_room_bee],
          infiniplex_staircase_pool_2
D:15:     grunt_enter_depths_snipers, layout_loops_cross,
          nicolae_qazlal_general_emergency, serial_shops,
          nicolae_inconvenience_store, nicolae_shop_bloodbath_and_beyond,
          nicolae_square_shop, shop, nicolae_shop_trees
Temple:   nicolae_temple_figure_eight
Lair:1:   layout_regular_city, beast_lair_carwin_5, grunt_megastairs_3,
          lemuel_fruit_tree, infiniplex_staircase_pool, uniq_gastronok,
          uniq_erica
Lair:2:   layout_hall_layers, enter_volcano_3, gammafunk_ghost_cemetery,
          grunt_megastairs_2
Lair:3:   layout_regular_city, minmay_shoals_entry_centaurs,
          hellmonk_spider_entry_not_the_bees, serial_bayou, serial_bayou_pond_c,
          serial_bayou_pond_d, serial_bayou_crossing, serial_bayou_pond_e,
          serial_bayou_lake_a
Lair:4:   layout_cave_shapes, minmay_slime_entry_jelly_boxes, lemuel_oklob_altar
Lair:5:   hellmonk_lair_end_abyssal_woods, layout_regular_city,
          grunt_forest_stairs_basic, st_stairs_4
Shoals:1: layout_shoals, dpeg_stationary_puzzle
Shoals:2: nicolae_shoals_lighthouse, layout_shoals, nicolae_shop_self_help
Shoals:3: layout_shoals
Shoals:4: shoals_end_hangedman, layout_shoals
Spider:1: layout_chambers
Spider:2: layout_spider_delve, nicolae_spider_rock_and_or_roll
Spider:3: layout_spider_delve, lemuel_hornet_nest
Spider:4: grunt_spider_rune_circles
Slime:1:  layout_caves
Slime:2:  layout_caves, basic_altar, nicolae_slime_welcoming_committee
Slime:3:  layout_caves
Slime:4:  nicolae_slime_jelly_donut, layout_caves, basic_altar
Slime:5
Orc:1:    layout_diamond_mine, serial_shops
Orc:2:    st_orc_rangers, layout_diamond_mine, guppyfry_library_mini
Elf:1:    layout_loops_corners, portal_desolation_entry_nicolae_slug,
          serial_shops, nicolae_diamond_shop, hangedman_elf_disciples
Elf:2:    nicolae_elf_blades_crystal_corner, layout_onion_city, minivault_5
Elf:3:    minmay_elf_hall_not_hex, layout_geoelf_diagonals, drop_trap
Vaults:1: dpeg_vaults_monster_box, hangedman_vaults_stretched_pinwheel,
          v_rooms_4, ontoclasm_vaults_shout, ontoclasm_vaults_eye,
          nicolae_vaults_circle_grid_a, vaults_dpeg_diagonal,
          nicolae_vaults_mini_display_case, layout_vaults_quadrants,
          enter_trove_5
Vaults:2: v_misc_27, hangedman_vaults_river_flow, nicolae_vaults_network_square,
          nicolae_vaults_halls_meeting, ontoclasm_vaults_fault,
          ontoclasm_vaults_bender, v_misc_13, ontoclasm_vaults_twist,
          nicolae_vaults_big_ls, vaults_room_pools,
          nicolae_vaults_stairing_the_circle, nicolae_vaults_network_barrier,
          vaults_room_door_ring, layout_vaults_maze_bifur, serial_shops, shop
Vaults:3: v_misc_30, v_misc_30, vaults_room_fancy_cross,
          minmay_crypt_entry_necro_gods, hangedman_vaults_cutoff,
          vaults_room_pools, vaults_room_stairs_pillars, vaults_dpeg_ring,
          nicolae_vaults_three_branches, vaults_room_pool, v_misc_13,
          ontoclasm_vaults_misaligned, nicolae_vaults_puzzle_piece,
          nicolae_vaults_little_squares_1, layout_vaults_omnicross
Vaults:4: vaults_mumra_lcd, vaults_mumra_minichess, nicolae_vaults_statue_guard,
          grunt_vaults_hallway_long, nicolae_vaults_circle_grid_a,
          nicolae_vaults_theta, v_rooms_3, nicolae_vaults_rhombus_6,
          ontoclasm_vaults_chip, nicolae_vaults_specimen_jars,
          layout_vaults_big_room
Vaults:5: uniq_margery, uniq_frederick
Crypt:1:  layout_regular_city, item_on_display_a
Crypt:2:  layout_gridlike, lemuel_upstairs_altar, grunt_megastairs_1
Crypt:3:  grunt_crypt_end_deaths_head
Tomb:1
Tomb:2:   uniq_mennas
Tomb:3
Depths:1: layout_basic, grunt_mini_vestibule, drop_trap, st_stairs_12,
          okawaru_gym_becter
Depths:2: evilmike_diamond_1, layout_long_grid, enter_ziggurat_d, hell_entry,
          rand_demon_pan_entry_9, small_statue_intersection, serial_shops,
          shop_coins, serial_bayou_shore_b, grunt_megastairs_4
Depths:3: minmay_guarded_unrand_guard, layout_gridville, abyss_entry,
          gammafunk_ghost_smash, chequers_decorated_corner, hell_entry,
          kiku_gazebo_pond_becter, infiniplex_staircase_pool_lava,
          serial_bayou_shore_a
Depths:4: grunt_zot_entry_tricorne, layout_small_grid, pf_hell_entry_great_geh,
          minmay_hedge_maze, minmay_serpent_palace, serial_bayou_shore_b,
          uniq_josephina
Hell
Dis:1:    layout_jigsaw, nicolae_dis_big_boring_drill
Dis:2:    hangedman_dis_decor_blocks_crown, layout_subdivisions
Dis:3:    layout_subdivisions
Dis:4:    layout_regular_city, nicolae_dis_liches_on_tour
Dis:5:    layout_gridville, nicolae_dis_having_a_grate_time
Dis:6:    layout_jigsaw
Dis:7:    dis_st
Geh:1:    layout_gehenna_pools_box
Geh:2:    layout_gehenna_lava_caves, nicolae_geh_lava_lounge
Geh:3:    layout_gehenna_pools_basic, hangedman_elemental_grid_stream
Geh:4:    layout_gehenna_pools_basic
Geh:5:    layout_gehenna_lava_caves
Geh:6:    layout_gehenna_pools_basic
Geh:7:    geh_old
Coc:1:    layout_ice_bergs
Coc:2:    layout_cocytus_delve
Coc:3:    layout_cocytus_water_paths, serial_ice
Coc:6:    layout_cocytus_water_paths
Coc:7:    coc_mu
Tar:1:    layout_grid_maze, nicolae_tar_cuneiform_oil, lemuel_nasty_fountain
Tar:2:    layout_catacombs
Tar:3:    layout_grid_maze, nicolae_hells_seeping_fissure
Tar:4:    layout_honeycomb
Tar:5:    layout_cathedral_of_symmetry
Tar:6:    nicolae_hells_titanomachy
Tar:7:    tar_minmay_river

Skill      XL: |  1  2  3  4  5  6  7  8  9 10 11 12 13 14 15 16 17 18 19 20 21 22 23 24 25 26 27 |
---------------+----------------------------------------------------------------------------------+-----
Stealth        | 3 4 5 6 8 9 11 19 21 27 | 27.0
Fighting       | 1 2 3 4 6 7 9 10 12 13 14 15 17 18 19 20 21 22 24 27 | 27.0
Dodging        | 3 4 5 7 8 14 27 | 27.0
Spellcasting   | 3 4 5 6 7 8 10 12 13 14 16 17 18 27 | 27.0
Ice Magic      | 5 6 7 8 9 11 13 14 16 17 19 21 22 27 | 27.0
Shields        | 2 4 5 9 12 15 16 17 27 | 27.0
Invocations    | 10 14 24 | 24.9
Evocations     | 10 15 19 20 | 20.2
Air Magic      | 7 |  7.3
Conjurations   | 24 | 24.5
Earth Magic    | 17 | 17.4

Action                   |  1- 3 |  4- 6 |  7- 9 | 10-12 | 13-15 | 16-18 | 19-21 | 22-24 | 25-27 || total
-------------------------+-------+-------+-------+-------+-------+-------+-------+-------+-------++-------
Melee: Unarmed           |    64 |       |       |       |       |       |       |       |       ||    64
       Constrict         |    18 |    25 |    49 |    57 |   103 |   123 |    63 |    33 |    86 ||   557
       Tentacles         |    16 |    18 |    49 |    75 |   244 |   245 |   125 |   121 |   300 ||  1193
       Dagger            |       |    82 |   209 |   300 |   770 |   550 |       |       |       ||  1911
       Punch             |       |     1 |     3 |     6 |    14 |    25 |     6 |     6 |    21 ||    82
       Staff             |       |       |       |       |       |   133 |   315 |   284 |   647 ||  1379
       Kick              |       |       |       |       |       |       |       |       |   219 ||   219
 Cast: Freeze            |    15 |    12 |       |       |       |     1 |       |       |       ||    28
       Ozocubu's Armour  |       |     3 |    14 |    48 |    82 |    60 |    21 |    24 |    49 ||   301
       Frozen Ramparts   |       |     3 |    13 |    38 |    62 |    67 |     4 |    33 |       ||   220
       Hailstorm         |       |       |       |    26 |    58 |    34 |       |    12 |       ||   130
       Summon Ice Beast  |       |       |       |       |       |    17 |     6 |    13 |     3 ||    39
       Freezing Cloud    |       |       |       |       |       |   131 |    71 |    28 |       ||   230
       Lee's Rapid Decon |       |       |       |       |       |     7 |     6 |     4 |    17 ||    34
       Ozocubu's Refrige |       |       |       |       |       |       |   410 |   299 |   899 ||  1608
       Polar Vortex      |       |       |       |       |       |       |       |    38 |   394 ||   432
       Lehudib's Crystal |       |       |       |       |       |       |       |       |   337 ||   337
       Iron Shot         |       |       |       |       |       |       |       |       |    76 ||    76
       Shatter           |       |       |       |       |       |       |       |       |    70 ||    70
       Maxwell's Capacit |       |       |       |       |       |       |       |       |    12 ||    12
       Blink             |       |       |       |       |       |       |       |       |     5 ||     5
       Metabolic Englaci |       |       |       |       |       |       |       |       |     2 ||     2
       Enfeeble          |       |       |       |       |       |       |       |       |     1 ||     1
Invok: Call Merchant     |       |       |       |       |     4 |     1 |     1 |     1 |     7 ||    14
       Slouch            |       |       |       |       |       |       |       |       |     7 ||     7
       Step From Time    |       |       |       |       |       |       |       |       |     1 ||     1
Evoke: Wand              |       |       |       |    10 |    21 |    10 |     4 |     2 |     6 ||    53
       Condenser vane    |       |       |       |       |     2 |     3 |     3 |     1 |     2 ||    11
       Tin of tremorston |       |       |       |       |       |     4 |     2 |       |       ||     6
       Box of beasts     |       |       |       |       |       |     1 |     2 |     2 |     2 ||     7
       Phial of floods   |       |       |       |       |       |       |       |       |     1 ||     1
       Lightning rod     |       |       |       |       |       |       |       |       |     4 ||     4
       Figurine of a zig |       |       |       |       |       |       |       |       |     1 ||     1
  Use: Scroll            |       |       |     9 |    10 |    11 |    21 |     3 |     9 |    86 ||   149
       Potion            |       |       |       |     1 |     2 |     9 |     1 |    14 |    94 ||   121
 Stab: Sleeping          |    11 |    13 |    18 |    15 |    39 |    33 |     3 |     8 |     4 ||   144
       Distracted        |       |       |       |     2 |     7 |     7 |    11 |     6 |    11 ||    44
       Invisible         |       |       |       |     1 |     1 |     2 |     1 |     3 |       ||     8
       Confused          |       |       |       |       |       |       |     2 |       |       ||     2
Armor: Skin              |     5 |     9 |    24 |    66 |   159 |   152 |   178 |    85 |   140 ||   818
Dodge: Dodged            |    55 |    51 |   122 |   268 |   694 |   452 |   392 |   297 |  1563 ||  3894
Block: Kite shield       |       |       |       |    46 |   702 |   723 |   728 |   487 |   254 ||  2940
       Tower shield      |       |       |       |       |       |       |       |       |  2667 ||  2667

Table legend: (Time is in decaauts)
 A = Elapsed time spent in this place.
 B = Non-inter-level travel time spent in this place.
 C = Inter-level travel time spent in this place.
 D = Time resting spent in this place.
 E = Time spent auto-exploring this place.
 F = Levels seen in this place.
 G = Mean time per level.
                   A        B        C        D        E       F      G
               +--------+--------+--------+--------+--------+-----+--------+
         Total | 125555 | 114688 |  10867 |  28827 |  42633 | 149 |  842.7 |
       Dungeon |  21608 |  17223 |   4385 |   3359 |  10162 |  15 | 1440.5 |
        Temple |    276 |    206 |     70 |      0 |    204 |   1 |  276.0 |
          Lair |   9076 |   7440 |   1636 |   1514 |   4196 |   5 | 1815.2 |
        Shoals |   7315 |   7061 |    254 |   2197 |   3124 |   4 | 1828.8 |
   Spider Nest |   6715 |   6498 |    217 |   1835 |   3328 |   4 | 1678.8 |
    Slime Pits |   4259 |   4024 |    235 |    876 |   2066 |   5 |  851.8 |
  Orcish Mines |   3237 |   2373 |    864 |    505 |   1181 |   2 | 1618.5 |
   Elven Halls |   6906 |   6288 |    618 |   2636 |   2080 |   3 | 2302.0 |
        Vaults |  13855 |  12685 |   1170 |   3882 |   5824 |   5 | 2771.0 |
         Crypt |   1402 |   1402 |      0 |    446 |      0 |   3 |  467.3 |
          Tomb |   1359 |   1359 |      0 |    228 |    218 |   3 |  453.0 |
        Depths |   8201 |   7041 |   1160 |   1724 |   3313 |   4 | 2050.2 |
          Hell |   1919 |   1667 |    252 |    107 |    942 |   1 | 1919.0 |
           Dis |   3204 |   3204 |      0 |   1009 |     15 |   7 |  457.7 |
       Gehenna |   1740 |   1739 |      1 |    178 |      0 |   7 |  248.6 |
       Cocytus |   2408 |   2408 |      0 |    425 |      0 |   5 |  481.6 |
      Tartarus |   5697 |   5697 |      0 |   2238 |      0 |   7 |  813.9 |
         Abyss |   1559 |   1559 |      0 |    312 |      8 |   4 |  389.8 |
   Pandemonium |  16956 |  16956 |      0 |   3863 |   3380 |  22 |  770.7 |
      Ziggurat |   5571 |   5571 |      0 |    736 |   2098 |  38 |  146.6 |
         Trove |     57 |     57 |      0 |      0 |      0 |   1 |   57.0 |
       Ossuary |    517 |    517 |      0 |     39 |    344 |   1 |  517.0 |
       Volcano |    693 |    693 |      0 |    265 |    141 |   1 |  693.0 |
    Desolation |   1016 |   1016 |      0 |    450 |      7 |   1 | 1016.0 |
               +--------+--------+--------+--------+--------+-----+--------+

Top non-repeatable levels by time:
   Tar:7: 4060 daAuts
Vaults:5: 3392 daAuts
   Elf:3: 3366 daAuts
Vaults:1: 3284 daAuts
Depths:2: 3282 daAuts
  Lair:5: 3232 daAuts
Vaults:2: 2879 daAuts
Spider:4: 2732 daAuts
    D:15: 2713 daAuts
Shoals:2: 2679 daAuts
   Elf:1: 2416 daAuts
    D:14: 2392 daAuts
Shoals:1: 2243 daAuts
Vaults:3: 2168 daAuts
Vaults:4: 2131 daAuts
